Cogmind - Beta 16.1 @@@ ROGUE MODE // 2026.02.26 @ 19:50:52 Player: Anonymous Bosch Result: Destroyed by H-88 Terminator with KE Penetrator Performance ------------- Evolutions (9) 4500 Regions Visited (30) 6000 Robots Destroyed (271) 1355 Value Destroyed (8484) 8484 Prototype IDs (88) 1760 Alien Tech Used (0) 0 Bonus (12888) 12888 TOTAL SCORE: 34987 Bonus ------- High Alert Combat Kills 228 Follower Combat Kills 2101 Hunted by Unchained 500 Network Hubs Disabled 200 Met Data Miner 300 Met Imprinter 300 Destroyed Z-Imprinter 1000 Met Warlord at Base 500 MAIN.C Attacked Warlord 500 Warlord Defense Kills 1174 Built Enhanced Grunts 300 A7 Reached Mainframe 300 Met R17 at Cetus 500 Met R17 at Research 2000 Met Warlord at Research 2000 Invited to Help at Command 2000 Friendly Fire -1015 Cogmind --------- Core Integrity 0/1600 Matter 6/300 Energy 57/100 System Corruption 25% Temperature Cool (0) Movement Core (50) Location -1/Access Parts ------- > --- POWER (3) -------- (None) > --- PROPULSION (8) --- (None) > --- UTILITY (11) ----- Spectral Analyzer Improved Hacking Suite > --- WEAPON (3) ------- (None) > --- INVENTORY (5) ---- Vortex Chain Reactor Compact Mass Driver Compact Linear Accelerator Mini Smartbomb Launcher Peak State ------------ > --- POWER ------------ Light Quantum Reactor Vortex Chain Reactor > --- PROPULSION ------- Improved Gyrokinetic Inverter Improved Linear Gravjet Combat Antigrav System Combat Antigrav System Combat Antigrav System Antigrav Array Combat Linear Gravjet > --- UTILITY ---------- Experimental Heat Sink Large Storage Unit Spectral Analyzer Long-range Sensor Array Advanced Signal Interpreter Precision Matter Filter Advanced Transmission Jammer Heavy Regenerative Plating Improved Hacking Suite System Mapper > --- WEAPON ----------- Compact Mass Driver Enhanced Hardcell Cannon Plasma Sword > --- INVENTORY -------- Combat Gravmag System Antigrav Array Medium Regenerative Plating Medium Regenerative Plating Experimental Thermal Shield Cooled Plasma Cannon Vortex Cannon Hypervelocity Railgun Compact Linear Accelerator Mini Smartbomb Launcher Advanced Micro-nuke Launcher Remote Datajack [Rating: 199] Favorites ----------- Power Vortex Chain Reactor Engine Improved Deuterium Engine Power Core Neutrino Core Reactor Vortex Chain Reactor Propulsion Combat Airjet Treads Improved Treads Wheel Compact Wheel Hover Unit Combat Airjet Flight Unit Improved VTOL Module Utility Improved Hacking Suite Device Improved Sensor Array Storage Medium Storage Unit Processor 0b10 Decoder Chip [Looter] Hackware Improved Hacking Suite Protection Layered Medium Armor Plating Weapon Phasing Sabre Energy Gun EM Shotgun Energy Cannon Cooled Plasma Cannon Ballistic Gun Enhanced Autogun Ballistic Cannon Gauss Cannon Launcher Mini Smartbomb Launcher Special Weapon Mining Laser Impact Weapon Great Maul Slashing Weapon Phasing Sabre Build | -11 -10 -10 -8 -7 -7 -7 -7 -7 -6 -6 -6 -6 -6 -6 -6 -5 -5 -5 -5 -5 -4 -4 -4 -4 -4 -4 -3 -3 -2 -1 ------- Run | Yrd Mat Sub Mat Fac Low Low Zio Dee Pro Fac Was Fac Low Low Dat Pro Fac Upp Upp War Pro Fac Ext Cet Arc Hub Res Tes Res Acc Slots Evolved 18 | . . . 4 2 . . . . . 2 . . . . . . 2 . . . . 2 . . . . 2 . 2 2 Power 2 | . . . . . . . . . . . . . . . . . . . . . . 1 . . . . . . . 1 Propulsion 6 | . . . 2 1 . . . . . 1 . . . . . . 1 . . . . . . . . . 1 . . . Utility 9 | . . . 2 1 . . . . . 1 . . . . . . 1 . . . . 1 . . . . 1 . 1 1 Weapon 1 | . . . . . . . . . . . . . . . . . . . . . . . . . . . . . 1 . Parts Attached 233 | 7 14 5 48 16 3 4 1 10 . 9 . 9 2 2 1 . 10 3 1 3 2 7 6 5 3 3 35 5 13 6 Power 31 | 1 1 1 6 2 . 1 . 2 . 2 . . . . . . 1 1 . . . 1 . 2 1 1 4 . 3 1 Engine 9 | 1 1 1 3 2 . . . 1 . . . . . . . . . . . . . . . . . . . . . . Core 5 | . . . 3 . . 1 . . . . . . . . . . 1 . . . . . . . . . . . . . Reactor 17 | . . . . . . . . 1 . 2 . . . . . . . 1 . . . 1 . 2 1 1 4 . 3 1 Propulsion 73 | 2 4 . 20 4 . 1 . 1 . 3 . 4 1 1 . . 6 . 1 1 1 . 1 2 . . 15 . 3 2 Treads 13 | 1 2 . 10 . . . . . . . . . . . . . . . . . . . . . . . . . . . Leg . | . . . . . . . . . . . . . . . . . . . . . . . . . . . . . . . Wheel 4 | 1 2 . 1 . . . . . . . . . . . . . . . . . . . . . . . . . . . Hover 52 | . . . 5 4 . 1 . 1 . 3 . 4 1 1 . . 6 . 1 1 1 . 1 2 . . 15 . 3 2 Flight 4 | . . . 4 . . . . . . . . . . . . . . . . . . . . . . . . . . . Utility 76 | 2 3 1 12 5 . 2 . 6 . 3 . 4 . 1 . . 2 . . 1 . 6 4 1 2 . 12 3 5 1 Device 30 | 1 . . 3 3 . . . 3 . 1 . 1 . . . . . . . . . 4 3 . . . 8 . 3 . Storage 7 | 1 2 . 2 . . . . 1 . . . . . . . . . . . . . 1 . . . . . . . . Processor 9 | . . . 1 1 . . . . . 2 . 1 . 1 . . . . . . . 1 . . . . 1 . 1 . Hackware 9 | . . . 3 . . . . . . . . . . . . . 1 . . . . . . . 2 . 1 1 . 1 Protection 21 | . 1 1 3 1 . 2 . 2 . . . 2 . . . . 1 . . 1 . . 1 1 . . 2 2 1 . Artifact . | . . . . . . . . . . . . . . . . . . . . . . . . . . . . . . . Weapon 53 | 2 6 3 10 5 3 . 1 1 . 1 . 1 1 . 1 . 1 2 . 1 1 . 1 . . 2 4 2 2 2 Energy Gun 6 | 1 2 1 1 . . . . 1 . . . . . . . . . . . . . . . . . . . . . . Energy Cannon 10 | . . . 1 3 . . . . . 1 . . . . . . 1 1 . 1 . . . . . . . . 1 1 Ballistic Gun 14 | 1 1 2 7 1 . . . . . . . 1 . . . . . . . . . . . . . . . 1 . . Ballistic Cannon 8 | . . . . 1 2 . . . . . . . . . . . . 1 . . 1 . 1 . . . . . 1 1 Launcher 11 | . 2 . . . 1 . . . . . . . 1 . 1 . . . . . . . . . . 2 3 1 . . Special Weapon 1 | . 1 . . . . . . . . . . . . . . . . . . . . . . . . . . . . . Impact Weapon 1 | . . . 1 . . . . . . . . . . . . . . . . . . . . . . . . . . . Slashing Weapon 2 | . . . . . . . 1 . . . . . . . . . . . . . . . . . . . 1 . . . Piercing Weapon . | . . . . . . . . . . . . . . . . . . . . . . . . . . . . . . . Special Melee Weapon . | . . . . . . . . . . . . . . . . . . . . . . . . . . . . . . . Unidentified Prototypes 45 | . . . 7 3 . . . 8 . 3 . 1 . . . . 1 . . 3 1 2 . 1 . 1 7 2 5 . Corrupted Parts 1 | . . . . . . . . . . . . . . . . . . . . . 1 . . . . . . . . . System Corruption 5 | . . . . . . . . . . . . . . . . . . . . . 5 . . . . . . . . . Parts Lost 57 | . . 3 7 1 1 1 . 1 . . . . . . . 1 . 1 1 1 . . 1 . . 1 14 . . 23 Power 6 | . . . 2 . . . . . . . . . . . . . . . . . . . . . . . 2 . . 2 Propulsion 25 | . . . 1 1 1 1 . 1 . . . . . . . 1 . 1 . 1 . . 1 . . . 9 . . 7 Utility 14 | . . 1 1 . . . . . . . . . . . . . . . . . . . . . . 1 2 . . 9 Weapon 12 | . . 2 3 . . . . . . . . . . . . . . . 1 . . . . . . . 1 . . 5 Highest Loss Streak 17 | . . 1 2 1 1 1 . 1 . . . . . . . 1 . 1 1 1 . . 1 . . 1 9 . . 17 To Critical Strikes 1 | . . . . . . . . . . . . . . . . . . . . . . . . . . . 1 . . . Average Backups 12 | 5 15 19 14 9 9 9 9 9 10 10 10 10 9 10 10 9 9 9 9 9 8 13 14 14 14 14 11 14 13 13 Power 1 | 1 2 2 1 . 1 2 1 1 1 1 1 1 1 1 1 1 1 1 1 1 1 . 1 1 1 1 1 1 1 1 Propulsion 2 | 1 5 7 3 1 1 . . . . . 2 2 2 2 2 1 1 1 1 1 1 1 1 2 1 1 1 1 2 1 Utility 3 | 1 2 3 4 4 3 3 4 4 5 3 2 2 3 3 3 3 2 3 4 2 2 5 6 6 6 5 3 3 3 2 Weapon 5 | 1 6 7 5 3 4 4 4 4 4 4 5 4 3 4 4 4 4 4 3 3 4 5 6 5 5 5 5 7 6 6 Tool/Special . | . . . . . . . . . . . . . . . . . . . . . . . . . . . . . . . Unused Backups 55 | . 4 2 14 8 1 . 1 1 . 2 . . . . . . 1 1 1 4 . 3 2 2 1 . 3 . 1 3 Power 10 | . . . 5 . 1 . 1 . . 1 . . . . . . . 1 . . . . . 1 . . . . . . Propulsion 3 | . 1 . . . . . . . . . . . . . . . . . . . . 1 . . . . . . . 1 Utility 24 | . 1 . 3 7 . . . 1 . 1 . . . . . . 1 . . 4 . 2 1 1 1 . 1 . . . Weapon 16 | . 2 2 6 1 . . . . . . . . . . . . . . 1 . . . 1 . . . 1 . 1 1 Tool/Special 2 | . . . . . . . . . . . . . . . . . . . . . . . . . . . 1 . . 1 Average Slot Usage (%) 96 | . 100 99 96 98 99 99 99 99 100 95 100 99 99 100 94 100 98 99 99 99 100 93 93 97 100 100 86 94 90 78 Engine 3 | . 14 14 8 7 7 4 . 2 7 3 . . . . . . . . . . . . . . . . . . . . Reactor 3 | . . . . . . . . . . 2 6 6 6 6 6 6 2 1 5 5 5 4 5 7 10 10 7 9 8 5 Treads 3 | . 14 14 17 . . . . . . . . . . . . . . . . . . . . . . . . . . . Wheel 1 | . 14 14 2 . . . . . . . . . . . . . . . . . . . . . . . . . . . Hover 29 | . . . 2 37 37 37 38 37 38 36 40 39 40 40 40 40 39 40 41 40 41 36 36 36 36 36 30 33 30 26 Device 8 | . 13 7 10 7 7 7 7 8 7 7 6 6 6 6 6 6 5 5 5 5 5 9 9 10 6 5 6 9 12 12 Storage 6 | . 14 14 8 7 7 7 7 7 7 6 6 6 6 6 6 6 5 5 5 5 5 5 5 5 5 5 3 4 4 3 Processor 9 | . . . 1 9 7 7 7 7 7 12 13 12 13 18 20 20 17 17 17 17 17 15 15 15 15 15 14 13 8 7 Hackware 5 | . . . 10 7 7 7 7 7 7 6 6 6 6 1 . . 4 5 5 5 5 5 5 5 11 15 10 12 8 7 Protection 4 | . . 6 2 4 7 7 7 5 7 4 6 6 6 6 6 6 4 5 5 5 5 4 5 5 2 . 2 . 4 3 Energy Gun 1 | . 7 8 3 . . . . . . . . . . . . . . . . . . . . . . . . . . . Energy Cannon 1 | . . . . 2 1 2 1 . 3 5 6 5 . 6 1 5 4 2 . 2 2 4 . 1 . . . 2 . 2 Ballistic Gun 3 | . 19 13 12 3 . . . . . . . . . . . . . 1 3 . . . 1 . . . . 1 3 . Ballistic Cannon 1 | . . . . . 5 4 4 8 2 . . . 4 . . . . . . 2 2 . 3 2 5 4 1 . 4 4 Impact Weapon 1 | . . . . 6 5 6 1 . . . . . . . . . . . . . . . . . . . . . . . Slashing Weapon 2 | . . . . . . . 6 1 7 6 6 6 5 6 6 6 5 5 5 5 5 5 5 5 5 5 3 4 1 2 Peak Build Rating 199 | 8 12 15 46 51 51 49 52 61 52 72 68 73 73 74 74 74 89 91 93 101 104 125 129 126 126 124 152 161 182 199 Average Rating 78 | 5 9 14 32 45 50 47 50 51 51 61 68 70 70 72 68 73 86 88 90 95 100 123 124 123 121 120 123 152 177 173 On Entrance 78 | . 8 12 14 32 51 49 49 52 52 51 68 68 73 69 74 72 73 88 90 91 95 104 125 125 124 119 124 152 161 179 Avg Prop Armor Cover (%) 5 | 5 12 10 8 . . . . . . . . . . . . . 2 2 3 3 2 . . 3 . . 4 . . 1 Naked Turns . | . . . . . . . . . . . . . . . . . . . . . . . . . . . . . . . Heaviest Build 115 | 12 55 60 85 40 43 52 44 47 40 43 43 43 43 43 43 43 45 49 49 50 45 72 81 75 71 67 73 93 104 115 Greatest Support 113 | 20 20 16 86 44 44 44 44 49 44 55 55 59 60 60 60 60 62 62 51 64 62 74 75 75 75 75 102 104 106 113 Greatest Overweight (x) 3 | 1 3 3 3 . 1 1 . 1 . . . . . . . . 1 . . 1 . . 1 1 . . 1 . 1 1 Average Overweight (x) . | . 2 2 . . . . . . . . . . . . . . . . . . . . . . . . . . . . Largest Inventory Capacity 20 | 8 20 20 20 10 10 10 10 10 10 10 10 10 10 10 10 10 10 10 10 10 10 15 15 15 15 15 15 15 15 15 Average Capacity 13 | 7 18 20 15 10 10 10 10 10 10 10 10 10 10 10 10 10 10 10 10 10 10 14 15 15 15 15 13 15 15 14 Most Carried 20 | 8 20 20 20 10 10 10 10 10 10 10 10 10 10 10 10 10 10 10 10 10 10 15 15 15 15 15 15 15 15 15 Average Carried 12 | 5 15 19 14 9 9 9 9 9 10 9 10 9 9 10 10 9 9 9 9 9 9 14 14 14 14 14 12 14 14 14 Final Capacity 20 | 8 20 20 10 10 10 10 10 10 10 10 10 10 10 10 10 10 10 10 10 10 10 15 15 15 15 15 15 15 15 5 Final Carried 20 | 8 20 20 8 10 10 10 10 10 10 10 10 10 10 10 10 9 10 10 10 10 10 15 15 15 15 14 15 15 15 5 Class Distribution -------------------- 43% | Mutant 10% | Scout 7% | Scavenger-Mutant 7% | Derelict-Ninja 6% | Hacker-Scout 6% | Derelict-Scout 3% | Commander-Mutant Dominant Class ---------------- Mutant | -10/Materials Mutant | -10/Subcaves Mutant | -8/Materials Mutant | -7/Factory Mutant | -7/Lower Caves Mutant | -7/Lower Caves Mutant | -7/Zion Mutant | -7/Deep Caves Mutant | -6/Proximity Caves Mutant | -6/Factory Mutant | -6/Waste Mutant | -6/Factory Mutant | -6/Lower Caves Derelict-Scout | -6/Lower Caves Scout | -6/Data Miner Scout | -5/Proximity Caves Scout | -5/Factory Scout | -5/Upper Caves Derelict-Scout | -5/Upper Caves Derelict-Scout | -5/Warlord Derelict-Scout | -4/Proximity Caves Derelict-Ninja | -4/Factory Derelict-Assassin | -4/Extension Commander-Mutant | -4/Cetus Commander-Scout | -4/Archives Hacker-Scout | -4/Hub_04(d) Scavenger-Mutant | -3/Research Hacker-Scout | -3/Testing Hacker-Scout | -2/Research Hacker-Scout | -1/Access Resources | -11 -10 -10 -8 -7 -7 -7 -7 -7 -6 -6 -6 -6 -6 -6 -6 -5 -5 -5 -5 -5 -4 -4 -4 -4 -4 -4 -3 -3 -2 -1 ----------- Run | Yrd Mat Sub Mat Fac Low Low Zio Dee Pro Fac Was Fac Low Low Dat Pro Fac Upp Upp War Pro Fac Ext Cet Arc Hub Res Tes Res Acc Matter Collected 10261 | 300 364 286 1656 346 485 199 30 356 59 172 . 264 215 67 . 67 277 370 227 480 19 141 858 311 146 122 772 210 1224 238 Remotely . | . . . . . . . . . . . . . . . . . . . . . . . . . . . . . . . Salvage Created 11208 | 130 545 316 1721 1065 370 175 . . 56 147 . 651 141 224 . 54 430 416 205 400 . 297 808 219 196 137 857 362 809 477 Parts 480 | 11 41 22 97 20 5 7 . . 2 6 . 24 9 2 . 6 8 16 8 9 . 10 28 8 12 7 26 5 41 50 Haulers Intercepted 19 | . 2 . 5 4 . . . . . 1 . 1 . . . . . . . . . 2 . . . 1 2 . 1 . Recyclers Shooed 16 | 1 4 . 2 2 . . . . . 4 . . . . . . 1 . . . . . . . . . . 1 . 1 Parts Field Recycled . | . . . . . . . . . . . . . . . . . . . . . . . . . . . . . . . Retrieved Matter . | . . . . . . . . . . . . . . . . . . . . . . . . . . . . . . . Parts Self-Destructed 66 | . . 16 . . . 2 . . 2 . . . 8 6 . 3 . 12 17 . . . . . . . . . . . Prevented 2 | . . 1 . . . . . . . . . . . . . . . 1 . . . . . . . . . . . . Parts Restored . | . . . . . . . . . . . . . . . . . . . . . . . . . . . . . . . Kills | -11 -10 -10 -8 -7 -7 -7 -7 -7 -6 -6 -6 -6 -6 -6 -6 -5 -5 -5 -5 -5 -4 -4 -4 -4 -4 -4 -3 -3 -2 -1 ------- Run | Yrd Mat Sub Mat Fac Low Low Zio Dee Pro Fac Was Fac Low Low Dat Pro Fac Upp Upp War Pro Fac Ext Cet Arc Hub Res Tes Res Acc Combat Hostiles Destroyed 163 | . 10 12 27 8 9 6 . . 1 . . 4 9 . . 5 1 9 4 9 . . 8 2 . . 5 5 17 12 Melee 14 | . . . . 5 1 1 . . . . . 3 1 . . . 1 . 1 . . . . . . . . 1 . . Guns 52 | . 7 9 23 . . . . . . . . 1 . . . . . 2 . . . . 5 1 . . . . 4 . Cannons 26 | . . 1 . . 3 1 . . . . . . 1 . . . . 1 . 9 . . 3 1 . . . . 2 4 AOE 66 | . 3 2 4 . 3 4 . . 1 . . . 7 . . 5 . 6 3 . . . . . . . 5 4 11 8 Classes Destroyed 24 | 2 5 2 4 1 3 1 . . . . . . . . . 1 . . . 1 . . 2 . . . . 1 . 1 Worker 19 | . . . 6 . . . . . . 1 . 2 . . . . 1 . . . . 2 . . . 1 1 . . 5 Builder 14 | . 1 . 1 . . . . . . . . . . . . . 1 . . . . 1 1 . . 1 1 . . 7 Tunneler 3 | 3 . . . . . . . . . . . . . . . . . . . . . . . . . . . . . . Hauler 19 | . 2 . 5 4 . . . . . 1 . 1 . . . . . . . . . 2 . . . 1 2 . 1 . Recycler 26 | 1 2 . 7 7 . . . . . . . 1 . . . . 1 . . . . . 2 . . . 4 1 . . Minesweeper 1 | . . . . . . . . . . . . . . . . 1 . . . . . . . . . . . . . . Mechanic 1 | . . . 1 . . . . . . . . . . . . . . . . . . . . . . . . . . . Operator 7 | . . . 2 1 . . . . . . . . . . . . . . . . . . . . 4 . . . . . Drone 1 | . . . . . . 1 . . . . . . . . . . . . . . . . . . . . . . . . Watcher 15 | . 3 . 3 1 . . . . . 1 . 2 . . . . 1 . . . . . 1 1 . . 1 . 1 . Swarmer 78 | . 8 6 14 3 . 4 . . . . . 3 8 . . 5 . 3 4 . . . . . . . 4 . 11 5 Cutter 2 | . . . . . . . . . . . . . . . . . . . . . . . . . . . . . . 2 Grunt 35 | . 2 . 10 3 . . . . 1 . . . . . . . . 4 . 7 . . 1 . . . . 4 3 . Brawler 2 | . . . . . . . . . . . . . . . . . . 2 . . . . . . . . . . . . Duelist 1 | . . . . . . . . . . . . . . . . . . . . . . . 1 . . . . . . . Researcher 1 | . . . . . . . . . . . . . . . . . . . . . . . . . . . . 1 . . Sentry 12 | . . 1 2 . . . . . . . . 1 1 . . . . 1 . . . . 4 . . . . . 2 . Hunter 5 | . . . 1 . 1 . . . . . . . . . . . 1 . . 1 . . . . . . . 1 . . Programmer 11 | . . . . 2 1 1 . . . . . . . . . . . . . . . . . . . . 1 . 1 5 Behemoth 2 | . . . . . . . . . . . . . . . . . . . . . . . 2 . . . . . . . Cetus Guard 2 | . . . . . . . . . . . . . . . . . . . . . . . . 2 . . . . . . Executioner 1 | . . . . . . . . . . . . . . . . . . . . 1 . . . . . . . . . . Subdweller 5 | . . 5 . . . . . . . . . . . . . . . . . . . . . . . . . . . . Decomposer 1 | . . . . . . 1 . . . . . . . . . . . . . . . . . . . . . . . . Samaritan 6 | . . . . . 1 2 . . . . . . . 1 . . . . 2 . . . . . . . . . . . Thug 5 | . . . . . 5 . . . . . . . . . . . . . . . . . . . . . . . . . Savage 2 | . . . . . 1 . . . . . . . . . . . . . . . . . . . 1 . . . . . Guerrilla 1 | . . . . . . . . . . . . . . . . . . . . . . . . 1 . . . . . . Mutant 1 | . . . . . 1 . . . . . . . . . . . . . . . . . . . . . . . . . Best Kill Streak 10 | 2 4 3 10 4 2 4 . . 1 1 . 3 4 . . 5 2 4 4 4 . 2 2 2 2 2 4 6 5 10 Combat Bots Only 5 | . 3 3 4 4 2 4 . . 1 . . 2 4 . . 5 1 4 4 4 . . 2 1 . . 3 5 5 3 Max Kills in Single Turn 4 | 1 2 1 2 1 1 2 . . 1 1 . 1 3 1 . 2 1 2 2 1 . 1 1 1 1 1 3 3 4 4 Gunslinging 1 | . . . 1 . . . . . . . . . . . . . . . . . . . . . . . . . . . Exploded 4 | . 2 1 1 . 1 2 . . 1 . . . 3 . . 2 . 2 2 . . . . . . . 3 3 4 3 Melee 1 | . . . . 1 1 1 . . . . . 1 1 . . . 1 . 1 . . . . . . . . 1 . . Uniques/NPCs Destroyed 1 | . . . . . . . . 1 . . . . . . . . . . . . . . . . . . . . . . Z-Imprinter (-7/Deep Caves) Combat | -11 -10 -10 -8 -7 -7 -7 -7 -7 -6 -6 -6 -6 -6 -6 -6 -5 -5 -5 -5 -5 -4 -4 -4 -4 -4 -4 -3 -3 -2 -1 -------- Run | Yrd Mat Sub Mat Fac Low Low Zio Dee Pro Fac Was Fac Low Low Dat Pro Fac Upp Upp War Pro Fac Ext Cet Arc Hub Res Tes Res Acc Hostile Shots Fired 1253 | . 43 85 192 55 58 30 . 7 2 7 . 35 36 2 . 11 30 18 17 9 . 1 19 3 10 22 166 19 18 358 Missed 457 | . 10 20 52 22 28 11 . 1 1 2 . 16 20 2 . 4 13 5 7 3 . . 2 3 4 13 70 13 8 127 Hits 796 | . 33 65 140 33 30 19 . 6 1 5 . 19 16 . . 7 17 13 10 6 . 1 17 . 6 9 96 6 10 231 Melee 11 | . . . . . . . . . . . . . 1 . . . . . . . . . . . . . . . . 10 Projectile 785 | . 33 65 140 33 30 19 . 6 1 5 . 19 15 . . 7 17 13 10 6 . 1 17 . 6 9 96 6 10 221 AOE 8 | . . . . . . . . . . . . . . . . . . . . . . . . . . . 1 . 5 2 Critical Strikes 42 | . 1 1 6 1 2 1 . . . 1 . . . . . . . . 1 . . . 1 . . . 4 . . 23 Part Disruptions 4 | . . . . . . . . . . . . . . . . . . . . . . . . . . 1 . . . 3 Damage Taken 15037 | . 311 842 1913 490 479 270 . 170 32 88 . 248 179 . . 108 385 252 231 144 . 21 346 51 137 148 1922 163 466 5641 Core 3071 | . 56 166 207 16 65 57 . 55 26 . . 32 33 . . 13 47 42 13 . . . 21 11 41 . 439 9 122 1600 Absorbed by Shields 171 | . . . . 12 28 . . . . . . . . . . . . . . . . . 81 22 28 . . . . . Regen/Repaired (Parts) 862 | . . . . 120 . . 115 . . . . 68 . . . . . . . 65 . 141 . . . . 137 . 116 100 Core Remaining (%) 74 | 100 . 11 62 . . . . . 68 . . . . . . 90 . . . . 89 . . . . 93 . 65 91 . Volleys Fired 1020 | 10 59 38 123 33 60 69 6 22 22 12 . 20 16 3 . 5 13 46 19 66 6 42 105 26 12 9 21 18 90 49 Largest 3 | 2 2 2 2 1 2 2 1 2 1 1 . 1 1 1 . 1 1 1 1 1 1 1 1 1 1 1 1 1 2 3 Hottest 147 | 60 100 125 125 68 79 79 90 80 39 35 . 35 40 35 . 39 35 81 39 81 35 105 58 105 58 58 80 105 98 147 Shots Fired 1271 | 20 110 62 238 34 62 70 5 29 22 12 1 20 15 3 . 5 13 46 19 66 6 41 105 26 12 9 21 19 122 58 Gun 577 | 20 104 42 225 . . . . . . . . 11 2 . . . . 14 15 . . . 60 13 . . . 5 66 . Cannon 583 | . . . . 34 48 66 5 26 19 12 1 9 8 3 . 2 13 25 2 66 6 41 45 13 12 9 14 10 49 45 Launcher 85 | . 2 6 5 . 14 4 . 3 3 . . . 5 . . 3 . 7 2 . . . . . . . 7 4 7 13 Special 26 | . 4 14 8 . . . . . . . . . . . . . . . . . . . . . . . . . . . Kinetic 769 | 10 72 27 200 . 24 3 . 18 . . . 11 10 . . . . 27 15 60 . . 105 25 12 9 11 5 115 10 Thermal 357 | 10 16 14 23 34 24 63 5 8 19 12 1 9 . 3 . 2 13 7 2 . 6 41 . 1 . . 3 10 . 31 Explosive 85 | . 2 6 5 . 14 4 . 3 3 . . . 5 . . 3 . 7 2 . . . . . . . 7 4 7 13 Electromagnetic 56 | . 20 15 10 . . . . . . . . . . . . . . 5 . 6 . . . . . . . . . . Entropic 4 | . . . . . . . . . . . . . . . . . . . . . . . . . . . . . . 4 Robot Hit Streak 14 | 4 14 13 12 6 5 1 . 4 . 4 . 4 2 . . 1 2 5 5 4 . . 11 5 3 6 8 8 9 8 Robot Miss Streak 8 | 2 4 3 5 1 2 2 . 4 . . . 1 2 3 . . 1 3 6 8 . . 5 3 3 1 4 . 5 5 Penetration Max 1 | . . . . . . . . 1 . . . . . . . . . 1 . 1 . . 1 1 . . . . 1 . Secondary Targets 3 | . 1 . 2 . . . . . . . . . . . . . . . . . . . . . . . . . . . Max Gunslinging Chain 1 | . 1 . 1 . . . . . . . . . . . . . . . . . . . . . . . . . . . Shots Hit Robots 698 | 12 71 38 137 39 28 8 . 8 . 7 . 22 3 5 . 6 18 15 11 34 . 12 71 14 10 11 21 11 65 21 Core Hits 440 | 5 29 22 76 11 26 10 . 10 6 2 . 8 10 2 . 8 6 17 8 20 . 5 33 7 4 2 24 15 38 36 Critical Kills 18 | . . . . 3 . 1 . . . . . 1 . . . . . 1 . . . . 5 1 . . . 1 5 . Critical Parts Destroyed 32 | . . . 1 6 3 2 . . . . . . . . . . . 1 2 . . . 7 2 . . . 2 6 . Critical Strikes 88 | . 2 . 1 9 7 3 . . . . . 3 2 . . 1 2 3 2 4 . 2 17 6 1 1 1 3 17 1 Destroy 41 | . . . . . . . . . . . . 1 . . . . . 2 2 . . . 13 6 . . . 3 14 . Blast 19 | . . . . . 3 . . . . . . . 2 . . . . 1 . 4 . . 4 . 1 1 . . 3 . Corrupt 2 | . 2 . . . . . . . . . . . . . . . . . . . . . . . . . . . . . Smash 17 | . . . 1 9 4 3 . . . . . . . . . . . . . . . . . . . . . . . . Sever 9 | . . . . . . . . . . . . 2 . . . 1 2 . . . . 2 . . . . 1 . . 1 Melee Attacks 546 | . . . 4 65 31 30 . 5 8 17 . 72 15 13 . 9 46 12 6 . 8 80 4 2 3 9 58 17 8 24 Impact 130 | . . . 4 65 31 30 . . . . . . . . . . . . . . . . . . . . . . . . Slashing 416 | . . . . . . . . 5 8 17 . 72 15 13 . 9 46 12 6 . 8 80 4 2 3 9 58 17 8 24 Piercing . | . . . . . . . . . . . . . . . . . . . . . . . . . . . . . . . Sneak Attacks 57 | . . . 4 11 2 3 . . . 2 . 4 . 2 . 1 4 . 3 . . 5 . . 3 2 7 1 1 2 Combat Hostiles 4 | . . . . 2 2 . . . . . . . . . . . . . . . . . . . . . . . . . Follow-up Attacks . | . . . . . . . . . . . . . . . . . . . . . . . . . . . . . . . Damage Inflicted 31922 | 137 1057 981 3339 2261 2304 825 . 400 160 355 . 1196 800 432 . 635 979 1007 587 1625 . 749 1659 332 881 557 1924 1179 2775 2786 Guns 4845 | 137 906 459 2610 . . . . . . . . 32 7 . . . . 59 21 . . . 245 64 . . . 34 271 . Cannons 7782 | . . . . 187 640 28 . 304 . 109 . . 135 . . . 128 327 . 1625 . . 1301 268 533 352 126 32 804 883 Explosions 8842 | . 151 496 228 . 815 312 . 96 160 . . . 625 . . 361 . 621 257 . . . . . . . 812 833 1473 1602 Melee 10353 | . . . 464 2051 849 485 . . . 246 . 1164 33 432 . 274 851 . 309 . . 749 113 . 348 205 986 280 227 287 Ramming 50 | . . . 13 23 . . . . . . . . . . . . . . . . . . . . . . . . . 14 Kinetic 10210 | 75 582 261 2250 . 395 . . 286 . . . 32 142 . . . . 314 21 1480 . . 1546 332 533 352 126 34 1075 374 Thermal 1542 | 62 65 26 278 187 245 28 . 18 . 109 . . . . . . 128 . . . . . . . . . . 32 . 364 Explosive 8842 | . 151 496 228 . 815 312 . 96 160 . . . 625 . . 361 . 621 257 . . . . . . . 812 833 1473 1602 Electromagnetic 780 | . 259 198 106 . . . . . . . . . . . . . . 72 . 145 . . . . . . . . . . Impact 3849 | . . . 464 2051 849 485 . . . . . . . . . . . . . . . . . . . . . . . . Slashing 6504 | . . . . . . . . . . 246 . 1164 33 432 . 274 851 . 309 . . 749 113 . 348 205 986 280 227 287 Piercing . | . . . . . . . . . . . . . . . . . . . . . . . . . . . . . . . Entropic 145 | . . . . . . . . . . . . . . . . . . . . . . . . . . . . . . 145 Highest Corruption 25 | . . . . 2 1 1 1 . . 3 7 10 3 3 3 3 1 1 2 2 5 1 1 . . 2 1 2 3 25 Average Corruption 2 | . . . . 1 1 1 1 . . 2 7 6 3 3 3 3 1 1 1 2 5 1 1 . . 2 1 1 3 6 Corruption Purged 13 | . . . . 2 . . . . . 3 . 7 . . . . . . . . . . 1 . . . . . . . Corruption Blocked . | . . . . . . . . . . . . . . . . . . . . . . . . . . . . . . . Effects 152 | . . . . 7 4 10 . . . 2 1 31 6 5 . 6 . 5 9 1 . 7 14 . . 1 6 4 18 15 Message Errors 38 | . . . . 1 3 5 . . . . . 8 . 1 . 1 . . 5 . . 3 4 . . . 1 . 2 4 Matter Fused 29 | . . . . 3 . . . . . . . 8 . 1 . 1 . 3 1 . . 1 3 . . . . . 6 2 Heat Flow Errors 23 | . . . . . 1 1 . . . . . 7 2 2 . . . 2 1 1 . . 1 . . . 1 1 1 2 Energy Discharges 21 | . . . . 1 . 1 . . . 1 . 4 2 . . 4 . . 1 . . 1 1 . . . . 2 2 1 Parts Rejected 2 | . . . . . . . . . . . . . . . . . . . . . . . . . . . . . . 2 Parts Fused 1 | . . . . . . . . . . . . 1 . . . . . . . . . . . . . . . . . . Data Loss (minor) 19 | . . . . 1 . . . . . . . 2 . 1 . . . . . . . 1 4 . . 1 3 . 5 1 Data Loss (major) 5 | . . . . . . 1 . . . 1 . . 1 . . . . . . . . . 1 . . . 1 . . . Misfires 5 | . . . . 1 . 1 . . . . 1 . . . . . . . . . . . . . . . . 1 . 1 Alerts 1 | . . . . . . . . . . . . . . . . . . . 1 . . . . . . . . . . . Misdirections 3 | . . . . . . . . . . . . 1 . . . . . . . . . . . . . . . . . 2 Weapon Failures 5 | . . . . . . 1 . . . . . . 1 . . . . . . . . 1 . . . . . . 2 . Overload Shots 14 | . . . . . . . 6 . . . . . . . . . . . . . . 2 . 1 . . . 2 . 3 Effects 2 | . . . . . . . 1 . . . . . . . . . . . . . . . . 1 . . . . . . Short Circuit 2 | . . . . . . . 1 . . . . . . . . . . . . . . . . 1 . . . . . . Overflow Damage 3813 | . . 5 344 818 418 237 . . . 125 . 272 2 188 . 83 269 29 86 55 . 112 . . 66 53 160 18 365 108 Projectiles 174 | . . . . . 8 . . . . . . . . . . . 29 . . 55 . . . . . 6 10 . 37 29 Explosions 425 | . . 5 . . 71 . . . . . . . 2 . . . . 29 . . . . . . . . . 18 283 17 Melee 3214 | . . . 344 818 339 237 . . . 125 . 272 . 188 . 83 240 . 86 . . 112 . . 66 47 150 . 45 62 Knockbacks 26 | . . . . 9 5 1 . . . . . . . . . . . . . 1 . . 1 2 1 2 2 . 1 1 Impact 15 | . . . . 9 5 1 . . . . . . . . . . . . . . . . . . . . . . . . Kinetic 10 | . . . . . . . . . . . . . . . . . . . . 1 . . 1 2 1 2 1 . 1 1 Secondary 1 | . . . . . . . . . . . . . . . . . . . . . . . . . . . 1 . . . Self-Inflicted Damage 281 | . 22 61 . 11 38 . . . 12 . . . . . . 7 . . 66 . . . . . . . 8 . . 56 Shots 14 | . 1 4 . . 2 . . . 1 . . . . . . 1 . . 2 . . . . . . . 1 . . 2 Rammed 2 | . . . . 1 . . . . . . . . . . . . . . . . . . . . . . . . . 1 Targets Rammed 4 | . . . 2 1 . . . . . . . . . . . . . . . . . . . . . . . . . 1 Kicked . | . . . . . . . . . . . . . . . . . . . . . . . . . . . . . . . Crushed 2 | . . . 2 . . . . . . . . . . . . . . . . . . . . . . . . . . . Highest Temperature 626 | . 63 . 626 200 182 121 250 233 8 . . 252 138 246 . . . 279 248 210 . 54 267 148 311 110 396 261 173 394 Average Temperature 79 | . 17 . 115 54 35 28 134 111 4 . . 113 71 114 . . . 25 52 76 . 29 72 55 189 33 81 73 20 138 Received Heat Transfer 1411 | . 27 144 693 28 132 . . 54 9 9 . 18 . . . . . 51 . 27 . . 44 . 13 21 78 . . 63 Effects 32 | . . . 19 . . . 2 1 . . . 1 . . . . . . . . . . . . 1 . 2 . . 6 Shutdowns 13 | . . . 8 . . . . . . . . . . . . . . . . . . . . . . . 2 . . 3 Energy Bleed 5 | . . . 3 . . . . 1 . . . 1 . . . . . . . . . . . . . . . . . . Interference 2 | . . . . . . . 2 . . . . . . . . . . . . . . . . . . . . . . . Matter Decay 5 | . . . 4 . . . . . . . . . . . . . . . . . . . . . . . . . . 1 Short Circuit 4 | . . . 2 . . . . . . . . . . . . . . . . . . . . . 1 . . . . 1 Damage (minor) 2 | . . . 1 . . . . . . . . . . . . . . . . . . . . . . . . . . 1 Damage (core) 1 | . . . 1 . . . . . . . . . . . . . . . . . . . . . . . . . . . Siege Activations . | . . . . . . . . . . . . . . . . . . . . . . . . . . . . . . . Martial Activations . | . . . . . . . . . . . . . . . . . . . . . . . . . . . . . . . Shielding Activations . | . . . . . . . . . . . . . . . . . . . . . . . . . . . . . . . Robots Disrupted . | . . . . . . . . . . . . . . . . . . . . . . . . . . . . . . . Combat Hostiles . | . . . . . . . . . . . . . . . . . . . . . . . . . . . . . . . Robots Corrupted 10 | . . . 1 7 2 . . . . . . . . . . . . . . . . . . . . . . . . . Combat Hostiles 5 | . . . . 3 2 . . . . . . . . . . . . . . . . . . . . . . . . . Parts Fried 20 | . 2 . 7 6 2 2 . . . . . . . . . . . . . 1 . . . . . . . . . . Impact Corruptions 53 | . . . 7 26 13 7 . . . . . . . . . . . . . . . . . . . . . . . . Robots Melted . | . . . . . . . . . . . . . . . . . . . . . . . . . . . . . . . Combat Hostiles . | . . . . . . . . . . . . . . . . . . . . . . . . . . . . . . . Parts Melted 3 | . . . 1 . 1 . . . . . . . . . . . . . . 1 . . . . . . . . . . Heat Transferred 2280 | 150 150 50 494 259 333 37 . 37 . 148 . . . . . . 200 . . . . . . . . . . 50 . 372 Parts Sabotaged . | . . . . . . . . . . . . . . . . . . . . . . . . . . . . . . . Parts Stolen 1 | . . . . . . . . . . . . . 1 . . . . . . . . . . . . . . . . . Parts Stripped . | . . . . . . . . . . . . . . . . . . . . . . . . . . . . . . . Power Chain Reactions . | . . . . . . . . . . . . . . . . . . . . . . . . . . . . . . . Alert | -11 -10 -10 -8 -7 -7 -7 -7 -7 -6 -6 -6 -6 -6 -6 -6 -5 -5 -5 -5 -5 -4 -4 -4 -4 -4 -4 -3 -3 -2 -1 ------- Run | Yrd Mat Sub Mat Fac Low Low Zio Dee Pro Fac Was Fac Low Low Dat Pro Fac Upp Upp War Pro Fac Ext Cet Arc Hub Res Tes Res Acc Maximum Alert Level 3 | . . . 1 1 . . . . . . . . . . . . . . . . . . 1 1 1 2 1 1 2 3 Low Security (%) 73 | 100 100 . 71 74 . . . . . 100 100 100 . . . . 100 . . . . 100 73 33 13 21 48 88 53 . Level 1 22 | . . . 28 25 . . . . . . . . . . . . . . . . . . 26 66 86 37 51 11 45 54 Level 2 2 | . . . . . . . . . . . . . . . . . . . . . . . . . . 40 . . . 22 Level 3 1 | . . . . . . . . . . . . . . . . . . . . . . . . . . . . . . 22 Level 4 . | . . . . . . . . . . . . . . . . . . . . . . . . . . . . . . . Level 5 . | . . . . . . . . . . . . . . . . . . . . . . . . . . . . . . . High Security . | . . . . . . . . . . . . . . . . . . . . . . . . . . . . . . . Max Security . | . . . . . . . . . . . . . . . . . . . . . . . . . . . . . . . Peak Influence 902 | 5 116 . 389 323 . . . . . 45 2 151 . . . . 35 . . . . 45 314 317 281 642 315 255 500 902 Initial 296 | . . . 3 172 . . . . . 12 1 . . . . . . . . . . . 7 146 102 73 21 85 140 296 Average 120 | 1 41 . 121 122 . . . . . 8 . 44 . . . . 3 . . . . 5 97 227 233 341 193 104 203 467 Influence Increases 10420 | 20 383 180 1180 546 100 155 . . 20 103 1 391 200 10 . 130 164 580 155 503 . 332 722 381 249 931 700 405 776 1103 Destroy 0b10 Robot/C 3740 | . 200 140 540 160 40 100 . . 20 . . 80 180 . . 100 20 180 80 180 . . 380 160 80 300 100 120 340 240 Destroy 0b10 Robot/NC 595 | 20 40 . 125 65 10 5 . . . 15 . 40 . 10 . 5 30 . 5 . . 25 25 10 20 25 45 5 10 60 Destroy Leader 548 | . 40 10 96 50 20 20 . . . 4 . 26 20 . . 10 12 10 10 . . 4 22 . . 54 26 10 54 50 Allied During Kill 795 | . . . . . . . . . . . . . . . . . . . . 8 . . 191 170 100 326 . . . . Successful Hack 444 | . 40 . 27 32 . . . . . 9 . 28 . . . . 12 . . . . 72 11 4 . 21 156 20 . 12 Select Force Hacks 50 | . . . . . . . . . . . . . . . . . . . . . . . . . . 50 . . . . Disable Machine 375 | . 45 . 30 45 . . . . . . . 30 . . . . 15 . . . . 30 . 15 45 15 15 45 30 15 Destroy Structure 1338 | . 3 . 47 29 . . . . . 15 1 52 . . . . 60 . . . . 186 48 22 4 50 208 70 177 366 Partial Spotted 315 | . . . 75 45 . . . . . . . 30 . . . . . . . . . . . . . 60 60 . 30 15 Lose Combat Pursuer 2220 | . 15 30 240 120 30 30 . . . 60 . 105 . . . 15 15 390 60 315 . 15 45 . . 30 90 135 135 345 Influence Decreases 9625 | 20 342 213 808 922 80 170 9 . . 118 6 391 120 90 . 130 150 349 279 287 337 316 476 386 295 1100 589 308 532 802 Entered New Map 1606 | . . 21 5 208 3 6 9 . . 8 4 . . 16 . . . 6 47 121 337 . 9 116 155 138 21 68 110 198 Time Decay 5743 | 20 342 172 453 441 77 164 . . . 110 2 391 120 74 . 120 150 333 222 136 . 281 371 190 100 110 428 140 422 374 Search Patrol Dispatched 100 | . . . . . . . . . . . . . . . . . . . . . . . . . . . . 100 . . Lost Part 510 | . . 20 50 10 . . . . . . . . . . . 10 . 10 10 10 . . 10 . . 10 140 . . 230 Lost Ally 427 | . . . . 1 . . . . . . . . . . . . . . . 20 . . 86 80 40 200 . . . . Purge Threat 1239 | . . . 300 262 . . . . . . . . . . . . . . . . . 35 . . . 642 . . . . Squads Dispatched 57 | . . . 4 7 . . . . . 3 . 8 . . . . 4 . . . . 7 1 . . 5 7 4 . 7 Investigation 22 | . . . 2 2 . . . . . 1 . 4 . . . . 1 . . . . 3 . . . 2 4 2 . 1 Extermination 17 | . . . . 3 . . . . . 1 . 3 . . . . 2 . . . . 4 . . . 1 . . . 3 Reinforcement 16 | . . . . 2 . . . . . 1 . 1 . . . . 1 . . . . . 1 . . 2 3 2 . 3 Assault . | . . . . . . . . . . . . . . . . . . . . . . . . . . . . . . . Garrison 2 | . . . 2 . . . . . . . . . . . . . . . . . . . . . . . . . . . Intercept . | . . . . . . . . . . . . . . . . . . . . . . . . . . . . . . . Searches Triggered 1 | . . . . . . . . . . . . . . . . . . . . . . . . . . . . 1 . . Construction Impeded 3 | . . . . . . . . . . . . . . . . . . . . . . . 1 . . . . 1 . 1 Haulers Reinforced 2 | . . . . 1 . . . . . . . 1 . . . . . . . . . . . . . . . . . . Active Scanning Responses . | . . . . . . . . . . . . . . . . . . . . . . . . . . . . . . . Cargo Convoy Interrupts . | . . . . . . . . . . . . . . . . . . . . . . . . . . . . . . . Stealth | -11 -10 -10 -8 -7 -7 -7 -7 -7 -6 -6 -6 -6 -6 -6 -6 -5 -5 -5 -5 -5 -4 -4 -4 -4 -4 -4 -3 -3 -2 -1 --------- Run | Yrd Mat Sub Mat Fac Low Low Zio Dee Pro Fac Was Fac Low Low Dat Pro Fac Upp Upp War Pro Fac Ext Cet Arc Hub Res Tes Res Acc Distress Signals 29 | . . . 5 . . . . . . 1 . 1 . . . . 1 . . . . . . 2 . 2 8 . 4 5 Communications Jammed 11 | . . . . . . . . . . . . . . . . . . . . . . . 1 . 1 . 1 . 2 6 Distress Signals 11 | . . . . . . . . . . . . . . . . . . . . . . . 1 . 1 . 1 . 2 6 Times Spotted 495 | . 17 14 53 16 14 9 . 9 2 8 5 19 8 1 . 6 14 25 11 53 . 3 19 11 5 12 28 21 49 63 Peak Tracking Total 17 | . 3 6 10 4 6 4 . 3 2 4 5 5 5 1 . 5 4 5 5 13 . 2 4 5 2 6 10 10 8 17 Tactical Retreats 68 | . 1 1 7 5 4 2 . . . 2 . 3 . . . 1 1 13 2 6 . 1 2 . . 1 3 2 4 7 Traps | -11 -10 -10 -8 -7 -7 -7 -7 -7 -6 -6 -6 -6 -6 -6 -6 -5 -5 -5 -5 -5 -4 -4 -4 -4 -4 -4 -3 -3 -2 -1 ------- Run | Yrd Mat Sub Mat Fac Low Low Zio Dee Pro Fac Was Fac Low Low Dat Pro Fac Upp Upp War Pro Fac Ext Cet Arc Hub Res Tes Res Acc Traps Triggered 19 | . . . . . . . . . . 1 . 2 . . . . 4 . . . . 2 5 . . 1 1 1 . 2 Indirectly . | . . . . . . . . . . . . . . . . . . . . . . . . . . . . . . . Trap Hack Attempts . | . . . . . . . . . . . . . . . . . . . . . . . . . . . . . . . Triggered . | . . . . . . . . . . . . . . . . . . . . . . . . . . . . . . . Disarmed . | . . . . . . . . . . . . . . . . . . . . . . . . . . . . . . . Reprogrammed . | . . . . . . . . . . . . . . . . . . . . . . . . . . . . . . . Reused 1 | . . 1 . . . . . . . . . . . . . . . . . . . . . . . . . . . . Traps Extracted . | . . . . . . . . . . . . . . . . . . . . . . . . . . . . . . . Installed 7 | . . 1 . . . . . . . . . . . . . 6 . . . . . . . . . . . . . . Triggered . | . . . . . . . . . . . . . . . . . . . . . . . . . . . . . . . Objects Rigged 1 | . . . . . . . . . . . . . . . . . . . . . . . . . . . 1 . . . Exploded 1 | . . . . . . . . . . . . . . . . . . . . . . . . . . . 1 . . . Machines | -11 -10 -10 -8 -7 -7 -7 -7 -7 -6 -6 -6 -6 -6 -6 -6 -5 -5 -5 -5 -5 -4 -4 -4 -4 -4 -4 -3 -3 -2 -1 ---------- Run | Yrd Mat Sub Mat Fac Low Low Zio Dee Pro Fac Was Fac Low Low Dat Pro Fac Upp Upp War Pro Fac Ext Cet Arc Hub Res Tes Res Acc Machines Disabled 32 | . 3 1 2 3 . . 4 1 . . . 2 . . . . 1 . . . . 2 1 1 3 1 1 3 2 1 Max in Single Turn 2 | . 2 1 1 1 . . 1 . . . . 1 . . . . 1 . . . . 1 . 1 . . 1 1 1 1 Garrison Access 6 | . . . 1 1 . . . . . . . . . . . . . . . . . . . . . . 2 . 1 1 Network Hub 1 | . . . . . . . . . . . . . . . . . . . . . . . . . . 1 . . . . Machines Repaired . | . . . . . . . . . . . . . . . . . . . . . . . . . . . . . . . Machines Dismantled . | . . . . . . . . . . . . . . . . . . . . . . . . . . . . . . . Machines Sabotaged 1 | . . . . . . . . . . . . . . . . . . . . . . . . . . 1 . . . . Overloaded Fab Kills . | . . . . . . . . . . . . . . . . . . . . . . . . . . . . . . . Hacking | -11 -10 -10 -8 -7 -7 -7 -7 -7 -6 -6 -6 -6 -6 -6 -6 -5 -5 -5 -5 -5 -4 -4 -4 -4 -4 -4 -3 -3 -2 -1 --------- Run | Yrd Mat Sub Mat Fac Low Low Zio Dee Pro Fac Was Fac Low Low Dat Pro Fac Upp Upp War Pro Fac Ext Cet Arc Hub Res Tes Res Acc Machines Accessed 118 | . 10 1 12 12 . 1 . . . 5 . 10 1 . 4 . 10 . 2 6 . 14 3 3 . 3 13 3 2 3 Terminals 62 | . 8 . 9 6 . 1 . . . 4 . 5 . . . . 4 . . . . 8 3 3 . 3 5 2 . 1 Fabricators 8 | . . . . 1 . . . . . . . 1 . . . . 2 . . . . 2 . . . . 2 . . . Repair Stations 5 | . . . . 1 . . . . . . . 1 . . . . . . . . . 1 . . . . 2 . . . Recycling Units 11 | . 2 . . 1 . . . . . 1 . . . . . . 3 . . . . 2 . . . . 2 . . . Scanalyzers 8 | . . . 2 1 . . . . . . . 1 . . . . . . . . . 1 . . . . . 1 1 1 Garrison Access 10 | . . . 1 2 . . . . . . . 2 . . . . 1 . . . . . . . . . 2 . 1 1 Total Hacks 332 | . 34 1 29 29 . 1 . . . 18 . 25 1 . 31 . 17 . 8 11 . 35 6 5 . 17 46 9 4 5 Successful 191 | . 19 1 20 20 . 1 . . . 5 . 7 1 . 31 . 7 . 8 11 . 17 4 3 . 7 22 2 3 2 Failed 138 | . 15 . 8 8 . . . . . 13 . 18 . . . . 10 . . . . 17 2 2 . 10 24 7 1 3 Catastrophic 25 | . 1 . 1 3 . . . . . 2 . . . . . . 2 . . . . 5 2 1 . 3 3 2 . . Database Lockouts 3 | . . . 1 1 . . . . . . . . . . . . . . . . . 1 . . . . . . . . Manual 127 | . 31 . 16 5 . . 1 . . 13 . 10 . . . . 7 . . 1 . 15 3 1 . 3 18 3 . . Terminals 176 | . 27 . 22 15 . 1 . . . 15 . 10 . . . . 8 . . . . 20 6 5 . 17 23 4 . 3 Fabricators 20 | . . . . 3 . . . . . . . 2 . . . . 3 . . . . 7 . . . . 5 . . . Repair Stations 16 | . . . . 2 . . . . . . . 3 . . . . . . . . . 2 . . . . 9 . . . Recycling Units 24 | . 7 . . 1 . . . . . 3 . . . . . . 5 . . . . 3 . . . . 5 . . . Scanalyzers 28 | . . . 6 5 . . . . . . . 5 . . . . . . . . . 3 . . . . . 5 3 1 Garrison Access 16 | . . . 1 3 . . . . . . . 5 . . . . 1 . . . . . . . . . 4 . 1 1 Terminal Hacks 102 | . 5 1 7 8 . 1 . . . 2 . 1 1 . 31 . 1 . 8 11 . 6 1 3 . 6 8 1 . . Record 28 | . . . . . . 1 . . . . . . . . 11 . . . 7 4 . . 1 3 . . 1 . . . Part Schematic 13 | . 1 . . . . . . . . . . . . . 10 . . . . . . 1 . . . . . 1 . . Robot Schematic 7 | . . . . . . . . . . . . . . . 7 . . . . . . . . . . . . . . . Robot Analysis 5 | . 3 . 1 . . . . . . . . . . . . . . . . . . . . . . . 1 . . . Prototype ID Bank 12 | . . . 1 1 . . . . . . . . . . 3 . . . . 6 . 1 . . . . . . . . Open Door 3 | . . . . . . . . . . . . . 1 . . . . . 1 1 . . . . . . . . . . Level Access Points 1 | . . . . . . . . . . . . . . . . . . . . . . . . . . 1 . . . . Branch Access Points 5 | . . . 1 1 . . . . . 1 . 1 . . . . . . . . . . . . . . 1 . . . Terminal Index 5 | . 1 . . 1 . . . . . 1 . . . . . . 1 . . . . . . . . . 1 . . . Alert Level 4 | . . . 1 1 . . . . . . . . . . . . . . . . . 1 . . . . 1 . . . Unreport Threat 10 | . . . 2 2 . . . . . . . . . . . . . . . . . 1 . . . 5 . . . . Locate Traps 2 | . . . . 1 . . . . . . . . . . . . . . . . . 1 . . . . . . . . Recall Investigation 1 | . . . . . . . . . . . . . . . . . . . . . . 1 . . . . . . . . Hauler Manifests 3 | . . . 1 1 . . . . . . . . . . . . . . . . . . . . . . 1 . . . Registered Components 1 | . . . . . . . . . . . . . . . . . . . . . . . . . . . 1 . . . Registered Prototypes 1 | . . . . . . . . . . . . . . . . . . . . . . . . . . . 1 . . . Proto ID Catalog 1 | . . 1 . . . . . . . . . . . . . . . . . . . . . . . . . . . . Fabricator Hacks 11 | . . . . 2 . . . . . . . . . . . . 3 . . . . 4 . . . . 2 . . . Network Status 2 | . . . . 1 . . . . . . . . . . . . 1 . . . . . . . . . . . . . Load Schematic 5 | . . . . 1 . . . . . . . . . . . . 1 . . . . 2 . . . . 1 . . . Build 4 | . . . . . . . . . . . . . . . . . 1 . . . . 2 . . . . 1 . . . Repair Station Hacks 9 | . . . . 2 . . . . . . . 2 . . . . . . . . . 2 . . . . 3 . . . Scan Component 5 | . . . . 1 . . . . . . . 1 . . . . . . . . . 1 . . . . 2 . . . Repair 4 | . . . . 1 . . . . . . . 1 . . . . . . . . . 1 . . . . 1 . . . Recycling Unit Hacks 7 | . 2 . . 1 . . . . . 2 . . . . . . 1 . . . . . . . . . 1 . . . Report Inventory 1 | . . . . . . . . . . 1 . . . . . . . . . . . . . . . . . . . . Retrieve Components 6 | . 2 . . 1 . . . . . 1 . . . . . . 1 . . . . . . . . . 1 . . . Scanalyzer 17 | . . . 5 3 . . . . . . . 4 . . . . . . . . . 1 . . . . . 1 2 1 Insert Component 5 | . . . 2 . . . . . . . . 2 . . . . . . . . . 1 . . . . . . . . Analyze 4 | . . . 2 . . . . . . . . 2 . . . . . . . . . . . . . . . . . . Retrieve Study 8 | . . . 1 3 . . . . . . . . . . . . . . . . . . . . . . . 1 2 1 Garrison Access Hacks 6 | . . . 1 1 . . . . . . . . . . . . . . . . . . . . . . 2 . 1 1 Seal Access 6 | . . . 1 1 . . . . . . . . . . . . . . . . . . . . . . 2 . 1 1 Unauthorized Hacks 39 | . 12 . 7 3 . . . . . 1 . . . . . . 2 . . . . 4 3 . . 1 6 . . . Terminals 35 | . 10 . 7 2 . . . . . 1 . . . . . . 2 . . . . 4 3 . . 1 5 . . . Track 1 | . . . . . . . . . . . . . . . . . . . . . . . 1 . . . . . . . Assimilate 4 | . 1 . . 1 . . . . . . . . . . . . 1 . . . . . . . . . 1 . . . Botnet 8 | . 1 . 1 1 . . . . . 1 . . . . . . 1 . . . . 1 1 . . . 1 . . . Detonate 1 | . . . . . . . . . . . . . . . . . . . . . . . . . . . 1 . . . Disrupt 2 | . . . . . . . . . . . . . . . . . . . . . . . 1 . . . 1 . . . Operators 1 | . . . . . . . . . . . . . . . . . . . . . . . . . . . 1 . . . Skim 17 | . 8 . 6 . . . . . . . . . . . . . . . . . . 3 . . . . . . . . Sabotage 1 | . . . . . . . . . . . . . . . . . . . . . . . . . . 1 . . . . Fabricators 1 | . . . . 1 . . . . . . . . . . . . . . . . . . . . . . . . . . Recompile 1 | . . . . 1 . . . . . . . . . . . . . . . . . . . . . . . . . . Repair Stations . | . . . . . . . . . . . . . . . . . . . . . . . . . . . . . . . Recycling Units 3 | . 2 . . . . . . . . . . . . . . . . . . . . . . . . . 1 . . . Mask 3 | . 2 . . . . . . . . . . . . . . . . . . . . . . . . . 1 . . . Scanalyzers . | . . . . . . . . . . . . . . . . . . . . . . . . . . . . . . . Garrison Access . | . . . . . . . . . . . . . . . . . . . . . . . . . . . . . . . Data Cores Recovered . | . . . . . . . . . . . . . . . . . . . . . . . . . . . . . . . Used . | . . . . . . . . . . . . . . . . . . . . . . . . . . . . . . . Hacking Detections 85 | . 6 . 11 10 . . . . . 5 . 10 . . . . 8 . . . . 12 2 2 . 2 12 2 1 2 Full Trace Events 20 | . . . 2 1 . . . . . 1 . 4 . . . . 1 . . . . 3 . . . 1 4 2 . 1 Feedback Events 1 | . . . . . . . . . . . . . . . . . . . . . . . . . . . . 1 . . Corruption 1 | . . . . . . . . . . . . . . . . . . . . . . . . . . . . 1 . . Feedback Blocked . | . . . . . . . . . . . . . . . . . . . . . . . . . . . . . . . Robot Schematics Acquired 7 | . . . . . . . . . . . . . . . 7 . . . . . . . . . . . . . . . Robots Built . | . . . . . . . . . . . . . . . . . . . . . . . . . . . . . . . Authchips . | . . . . . . . . . . . . . . . . . . . . . . . . . . . . . . . Time . | . . . . . . . . . . . . . . . . . . . . . . . . . . . . . . . Total Robot Build Rating . | . . . . . . . . . . . . . . . . . . . . . . . . . . . . . . . Part Schematics Acquired 18 | . 1 . 2 . . . . . . . . 2 . . 10 . . . . . . 1 . . . . . 2 . . Parts Built 5 | . . . . . . . . . . . . . . . . . 2 . . . . 2 . . . . 1 . . . Authchips . | . . . . . . . . . . . . . . . . . . . . . . . . . . . . . . . Time 268 | . . . . . . . . . . . . . . . . . 47 . . . . 177 . . . . 44 . . . Total Part Build Rating 20 | . . . . . . . . . . . . . . . . . 10 . . . . 6 . . . . 4 . . . Part Studies Acquired 8 | . . . 1 3 . . . . . . . . . . . . . . . . . . . . . . . 1 2 1 Parts Repaired 4 | . . . . 1 . . . . . . . 1 . . . . . . . . . 1 . . . . 1 . . . Time 246 | . . . . 38 . . . . . . . 50 . . . . . . . . . 108 . . . . 50 . . . Parts Recycled . | . . . . . . . . . . . . . . . . . . . . . . . . . . . . . . . Recycled Matter . | . . . . . . . . . . . . . . . . . . . . . . . . . . . . . . . Retrieved Matter . | . . . . . . . . . . . . . . . . . . . . . . . . . . . . . . . Retrieved Components 21 | . 11 . . 1 . . . . . 2 . . . . . . 1 . . . . . . . . . 6 . . . Parts Scanalyzed 5 | . . . 2 . . . . . . . . 2 . . . . . . . . . 1 . . . . . . . . Part Schematics Acquired 4 | . . . 2 . . . . . . . . 2 . . . . . . . . . . . . . . . . . . Parts Damaged 1 | . . . . . . . . . . . . . . . . . . . . . . 1 . . . . . . . . Bothacking | -11 -10 -10 -8 -7 -7 -7 -7 -7 -6 -6 -6 -6 -6 -6 -6 -5 -5 -5 -5 -5 -4 -4 -4 -4 -4 -4 -3 -3 -2 -1 ------------ Run | Yrd Mat Sub Mat Fac Low Low Zio Dee Pro Fac Was Fac Low Low Dat Pro Fac Upp Upp War Pro Fac Ext Cet Arc Hub Res Tes Res Acc Used RIF Installer . | . . . . . . . . . . . . . . . . . . . . . . . . . . . . . . . Robots Hacked . | . . . . . . . . . . . . . . . . . . . . . . . . . . . . . . . Non-combat . | . . . . . . . . . . . . . . . . . . . . . . . . . . . . . . . Combat . | . . . . . . . . . . . . . . . . . . . . . . . . . . . . . . . Robot Hacks Applied . | . . . . . . . . . . . . . . . . . . . . . . . . . . . . . . . Relay Couplers Released . | . . . . . . . . . . . . . . . . . . . . . . . . . . . . . . . Fabnet Peak Effective % . | . . . . . . . . . . . . . . . . . . . . . . . . . . . . . . . Robots Rewired 17 | . . . . . . . . . . . . . . . . . . 1 1 . . . 15 . . . . . . . Allies Hacked 1 | . . . . 1 . . . . . . . . . . . . . . . . . . . . . . . . . . Hacks Repelled . | . . . . . . . . . . . . . . . . . . . . . . . . . . . . . . . Allies | -11 -10 -10 -8 -7 -7 -7 -7 -7 -6 -6 -6 -6 -6 -6 -6 -5 -5 -5 -5 -5 -4 -4 -4 -4 -4 -4 -3 -3 -2 -1 -------- Run | Yrd Mat Sub Mat Fac Low Low Zio Dee Pro Fac Was Fac Low Low Dat Pro Fac Upp Upp War Pro Fac Ext Cet Arc Hub Res Tes Res Acc Total Allies 35 | . 1 . . 1 . . 2 . . . . . . . . . 1 1 1 . . . 23 5 . . . . . . Largest Group 20 | . 1 1 . 1 . . 2 2 1 . . . . . . . 1 1 1 1 . . 18 20 18 14 . . . . Highest-Rated Group 1192 | . 10 10 . 26 . . 192 192 96 . . . . . . . 26 30 30 30 . . 822 1192 1108 843 . . . . Highest-Rated Ally 159 | . 10 10 . 26 . . 96 96 96 . . . . . . . 26 30 30 30 . . 159 152 152 96 . . . . Total Orders 6 | . . . . . . . . . . . . . . . . . . . . . . . . 6 . . . . . . ROAM 5 | . . . . . . . . . . . . . . . . . . . . . . . . 5 . . . . . . FOLLOW 1 | . . . . . . . . . . . . . . . . . . . . . . . . 1 . . . . . . Ally Attacks 349 | . . . . . . . . 43 2 . . . . . . . . 2 . . . . 94 68 38 102 . . . . Total Damage 11756 | . . . . . . . . 1638 152 . . . . . . . . 32 . . . . 3032 2110 1235 3557 . . . . Kills 53 | . . . . . . . . 13 . . . . . . . . . . . . . . 12 7 4 17 . . . . Allies Corrupted 1 | . . . . . . . . . . . . . . . . . . . . . . . . . . 1 . . . . Allies Melted 1 | . . . . . . . . . . . . . . . . . . . . . . . . . . . . . 1 . Intel | -11 -10 -10 -8 -7 -7 -7 -7 -7 -6 -6 -6 -6 -6 -6 -6 -5 -5 -5 -5 -5 -4 -4 -4 -4 -4 -4 -3 -3 -2 -1 ------- Run | Yrd Mat Sub Mat Fac Low Low Zio Dee Pro Fac Was Fac Low Low Dat Pro Fac Upp Upp War Pro Fac Ext Cet Arc Hub Res Tes Res Acc Active Infowar (turns) 21368 | 29 1421 737 1506 1369 954 1129 470 644 315 466 24 1263 393 281 43 489 892 791 478 530 173 1374 1518 399 211 224 1050 299 1023 873 Optics 12097 | . . . 320 1188 . . . . . . . . . 222 43 489 892 791 478 530 173 1374 1518 399 211 224 1050 299 1023 873 Sensors 14237 | . . . . 456 954 1129 470 644 315 459 24 1052 393 281 43 489 892 791 478 530 173 1374 1043 . 131 220 40 299 1006 551 Terrain 343 | . . . 343 . . . . . . . . . . . . . . . . . . . . . . . . . . . Seismic 4454 | 29 1421 737 1493 739 . . . . . . . . . . . . . . . . . . . . . . 35 . . . Decoding 10712 | . . . . . . . . . . 290 24 1263 393 281 43 489 892 791 478 530 173 1374 1518 399 211 224 1050 289 . . Jamming 3829 | . . . . . . . . . . . . . . . . . . . . . . 1371 845 399 59 . 11 . 754 390 Robot Analysis Total 5 | . 3 . 1 . . . . . . . . . . . . . . . . . . . . . . . 1 . . . Derelict Logs Recovered 17 | . . 2 . . . 2 2 . 3 . . . . 1 . 3 . 1 2 . 1 . . . . . . . . . Drone Launches . | . . . . . . . . . . . . . . . . . . . . . . . . . . . . . . . Drone Recoveries . | . . . . . . . . . . . . . . . . . . . . . . . . . . . . . . . Decoded 0b10 Intel 339 | . . . . . . . . . . 19 2 61 . . . . 44 . . . . 64 41 . . 16 74 18 . . Items 339 | . . . . . . . . . . 19 2 61 . . . . 44 . . . . 64 41 . . 16 74 18 . . Exploration | -11 -10 -10 -8 -7 -7 -7 -7 -7 -6 -6 -6 -6 -6 -6 -6 -5 -5 -5 -5 -5 -4 -4 -4 -4 -4 -4 -3 -3 -2 -1 ------------- Run | Yrd Mat Sub Mat Fac Low Low Zio Dee Pro Fac Was Fac Low Low Dat Pro Fac Upp Upp War Pro Fac Ext Cet Arc Hub Res Tes Res Acc Turns Passed 22700 | 136 1515 1368 1886 1369 994 1156 485 682 315 466 24 1263 393 281 43 489 892 791 478 530 173 1374 1518 399 211 224 1050 299 1023 873 Spaces Moved 29349 | 71 917 826 1681 2186 1781 1412 1064 952 573 694 63 1704 730 516 86 729 1430 1127 762 764 388 2471 1091 383 151 362 1610 330 1292 1203 Core 60 | 5 . . . . . . . . . . . . . . . . . . . . . . . . . . 31 . . 24 Treads 408 | 38 14 . 356 . . . . . . . . . . . . . . . . . . . . . . . . . . . Legs . | . . . . . . . . . . . . . . . . . . . . . . . . . . . . . . . Wheels 1860 | 28 903 826 103 . . . . . . . . . . . . . . . . . . . . . . . . . . . Hover 26019 | . . . 220 2186 1781 1412 1064 952 573 694 63 1704 730 516 86 729 1430 1127 762 764 388 2471 1091 383 151 362 1579 330 1292 1179 Flight 1002 | . . . 1002 . . . . . . . . . . . . . . . . . . . . . . . . . . . Fastest Speed 26 | 50 95 130 26 36 36 38 40 40 40 33 38 33 42 44 44 42 38 43 43 27 35 35 35 38 38 31 31 44 40 40 Average Speed 49 | 121 132 144 64 37 36 50 40 51 40 38 38 38 42 44 44 42 41 44 43 41 35 35 70 47 38 33 41 44 42 49 Slowest Speed 240 | 160 160 145 240 42 100 98 40 100 40 40 38 42 44 44 44 44 115 52 43 105 35 35 102 100 38 38 103 44 113 129 Overloaded Moves 8 | . . . . . . . . . . . . . . . . . . . . 8 . . . . . . . . . . Propulsion Burnouts . | . . . . . . . . . . . . . . . . . . . . . . . . . . . . . . . Robots Hopped 6 | . . . 6 . . . . . . . . . . . . . . . . . . . . . . . . . . . Potential Cave-ins 5 | . . . . . . . . . 2 . . . . . . 1 . . . . . . . . . . . . 1 1 Cave-ins Triggered . | . . . . . . . . . . . . . . . . . . . . . . . . . . . . . . . Exploration Rate (%) 60 | 5 99 35 83 33 93 99 88 67 65 15 70 36 72 66 74 73 29 86 70 84 60 28 84 91 89 37 41 43 37 25 Regions Visited 30 Branch Regions 19 Pre-discovered Areas 9 | . 1 1 2 . . 1 1 . . . . . . . 1 1 . . 1 . . . . . . . . . . . Known Exits Taken 27 | . 1 1 1 1 1 1 1 1 1 . . 1 1 1 1 1 1 1 1 1 1 1 1 1 1 1 1 1 1 . Unknown Exits Taken 1 | 1 . . . . . . . . . . . . . . . . . . . . . . . . . . . . . . Scrap Searched 35 | . . 5 . . 5 4 2 . 1 . . . 3 3 . 1 . 2 5 . 4 . . . . . . . . . Spaces Dug 650 | . 4 . 21 24 60 40 . 7 9 13 . 45 49 8 . 36 23 96 26 . 8 68 1 1 . 6 53 11 3 38 Terrain Destroyed 1361 | . 4 18 44 31 172 119 . 17 61 21 1 54 73 11 . 46 31 120 28 4 14 101 10 5 . 7 109 50 81 129 Melee 328 | . . . . 22 9 19 . 5 8 13 . 45 9 8 . 4 23 12 1 . 8 63 1 1 . 6 40 10 3 18 Projectile 256 | . 4 . 7 9 17 45 . 3 8 8 1 8 . 3 . 2 8 16 2 4 6 38 7 4 . 1 5 7 23 20 AOE 773 | . . 18 37 . 146 55 . 9 45 . . . 64 . . 40 . 92 25 . . . . . . . 64 32 55 91 Terrain Rammed . | . . . . . . . . . . . . . . . . . . . . . . . . . . . . . . . Walls Destroyed . | . . . . . . . . . . . . . . . . . . . . . . . . . . . . . . . Machines Disabled . | . . . . . . . . . . . . . . . . . . . . . . . . . . . . . . . Actions | -11 -10 -10 -8 -7 -7 -7 -7 -7 -6 -6 -6 -6 -6 -6 -6 -5 -5 -5 -5 -5 -4 -4 -4 -4 -4 -4 -3 -3 -2 -1 --------- Run | Yrd Mat Sub Mat Fac Low Low Zio Dee Pro Fac Was Fac Low Low Dat Pro Fac Upp Upp War Pro Fac Ext Cet Arc Hub Res Tes Res Acc Total 35240 | 100 1109 909 2265 2565 1991 1720 1116 1098 623 856 62 2180 769 546 89 885 1646 1350 882 915 405 2819 1720 570 286 439 1887 437 1621 1380 Wait 3211 | . 83 17 283 203 100 195 39 71 19 102 . 356 . 10 . 131 118 144 79 66 . 190 375 137 111 48 57 53 183 41 Move 29308 | 70 916 825 1669 2185 1780 1411 1063 951 572 694 62 1703 729 515 85 728 1429 1126 761 763 387 2470 1090 382 150 361 1608 329 1291 1203 Hop 5 | . . . 5 . . . . . . . . . . . . . . . . . . . . . . . . . . . Pick Up 215 | 13 20 6 38 19 2 1 1 6 . 5 . 4 1 . . 1 5 2 2 5 1 13 4 7 2 2 40 3 4 8 Fast Attach 124 | 2 . . 16 10 1 1 2 11 . 8 . 7 1 2 1 . 15 . 1 2 . 6 2 . 1 1 19 3 12 . Attach 97 | 5 1 5 23 4 1 1 . 1 . 1 . . 1 . . 1 1 1 1 . 1 2 1 2 . 1 23 . 3 17 Detach 18 | . . 1 3 . . . . . . . . . . . . . . . . . . . 1 . . . 6 2 1 4 Swap 284 | . 17 10 41 18 14 10 2 15 2 7 . 7 5 1 2 3 7 14 4 5 2 4 26 7 4 4 16 7 14 16 Drop 266 | . 13 6 58 27 2 2 3 16 . 10 . 11 1 2 1 1 12 1 2 8 . 12 4 7 3 4 36 5 15 4 Fire 1020 | 10 59 38 123 33 60 69 6 22 22 12 . 20 16 3 . 5 13 46 19 66 6 42 105 26 12 9 21 18 90 49 Melee 546 | . . . 4 65 31 30 . 5 8 17 . 72 15 13 . 9 46 12 6 . 8 80 4 2 3 9 58 17 8 24 Ram 2 | . . . . 1 . . . . . . . . . . . . . . . . . . . . . . . . . 1 Kick . | . . . . . . . . . . . . . . . . . . . . . . . . . . . . . . . Crush 2 | . . . 2 . . . . . . . . . . . . . . . . . . . . . . . . . . . Escape Stasis 19 | . . . . . . . . . . . . . . . . . . . . . . . 3 . . . 3 . . 13 Rewire 116 | . . . . . . . . . . . . . . . . . . 4 7 . . . 105 . . . . . . . Trap 7 | . . 1 . . . . . . . . . . . . . 6 . . . . . . . . . . . . . . Miscellaneous . | . . . . . . . . . . . . . . . . . . . . . . . . . . . . . . . Route ------- -11/Scrapyard -10/Materials (discovered 5 exits: *Mat x3 / [*Min] / *Sub) -10/Subcaves (discovered 3 exits: *Mat x2 / Rec) -8/Materials (discovered 3 exits: *Fac x3) -7/Factory (discovered 3 exits: *Fac / *Low x2) -7/Lower Caves -7/Lower Caves (discovered 2 exits: *Fac / *Zio) -7/Zion (discovered 2 exits: *Dee / [*Pro]) -7/Deep Caves -6/Proximity Caves -6/Factory (discovered 3 exits: Fac / Low x2) -6/Waste -6/Factory (discovered 3 exits: *Fac / *Low x2) -6/Lower Caves -6/Lower Caves -6/Data Miner -5/Proximity Caves -5/Factory -5/Upper Caves -5/Upper Caves (discovered 2 exits: Fac / *War) -5/Warlord -4/Proximity Caves -4/Factory (discovered 4 exits: *Res x2 / *Upp / *Ext) -4/Extension (discovered 2 exits: *Res / *Cet) -4/Cetus (discovered 2 exits: *Res / *Arc) -4/Archives (discovered 3 exits: *Res / *Hub x2) -4/Hub_04(d) (discovered 4 exits: *Res x4) -3/Research (discovered 4 exits: *Res / Arm / *Tes x2) -3/Testing -2/Research -1/Access History --------- Turn | Location | Event 27 | -11/Scrapyard | Discovered new exit (range 15) 137 | -11/Scrapyard | Entered Materials 310 | -10/Materials | Build established: Mutant 325 | -10/Materials | Discovered new exit (range 7) 434 | -10/Materials | Discovered new exit (range 9) 485 | -10/Materials | Discovered new exit (range 14) 631 | -10/Materials | Build established: Scavenger-Mutant 691 | -10/Materials | Learned location of 2 exits from Subcaves 743 | -10/Materials | Learned Storage trap positions 786 | -10/Materials | Identified exit to Materials 786 | -10/Materials | Identified exit to Subcaves 786 | -10/Materials | Learned location of 1 exit from Materials 817 | -10/Materials | Learned location of 1 exit from Recycling 840 | -10/Materials | Learned 4 Recycling zone layouts 854 | -10/Materials | Learned location of Mines (-9) 871 | -10/Materials | Loaded intel: 13 trap records 928 | -10/Materials | Learned Materials trap positions 969 | -10/Materials | Learned Storage trap positions 1260 | -10/Materials | Build established: Mutant 1652 | -10/Materials | Entered Subcaves 1652 | -10/Subcaves | Accompanied by 1 ally 1653 | -10/Subcaves | Approached by a straggling Scientist 1653 | -10/Subcaves | Identified exit to Recycling 1654 | -10/Subcaves | Identified exit to Materials 1781 | -10/Subcaves | Core integrity fell below 50% 1811 | -10/Subcaves | Learned Materials terminal intel 1905 | -10/Subcaves | Learned location of Zion (-7) 1948 | -10/Subcaves | Shifting Twisted Machinery released Mak. Kinetic Plating 1950 | -10/Subcaves | Shifting Twisted Machinery released Mak. Light Armor Plating 1974 | -10/Subcaves | A swath of the cavern ceiling suddenly collapsed 2271 | -10/Subcaves | Disturbed a concealed Subdweller 2496 | -10/Subcaves | Visited 4L-MR0's lab 2523 | -10/Subcaves | Found Power Bank 2749 | -10/Subcaves | Core integrity fell below 20% 3020 | -10/Subcaves | Entered Materials 3020 | -8/Materials | Evolved 4 slots: Propulsion x2, Utility x2 3021 | -8/Materials | Identified exit to Factory 3022 | -8/Materials | Loaded intel: 13 trap records 3023 | -8/Materials | Loaded intel: 12 terminal locations 3148 | -8/Materials | Discovered exit to Factory (range 6) 3815 | -8/Materials | Attached Power Bank, gained temporary slots: Power x3 3971 | -8/Materials | Garrison activated, responded to threat 4395 | -8/Materials | Build established: Hacker-Sprinter 4498 | -8/Materials | Central database locked down 4743 | -8/Materials | Discovered exit to Factory (range 7) 4895 | -8/Materials | Learned Factory trap positions 4906 | -8/Materials | Entered Factory 4906 | -7/Factory | Evolved 2 slots: Propulsion x1, Utility x1 4907 | -7/Factory | Loaded intel: 97 trap records 4942 | -7/Factory | Found Hvy. Reactive Plating 5040 | -7/Factory | Build established: Mutant 5074 | -7/Factory | Discovered new exit (range 9) 5444 | -7/Factory | Identified exit to Lower Caves 5867 | -7/Factory | Repaired Great Maul+? 6223 | -7/Factory | Central database locked down 6275 | -7/Factory | Entered Lower Caves 6573 | -7/Lower Caves | Discovered new exit (range 9) 6589 | -7/Lower Caves | Identified exit to Lower Caves 6957 | -7/Lower Caves | Attacked by a faux Warlord 7269 | -7/Lower Caves | Entered another Lower Caves area 7301 | -7/Lower Caves | Discovered new exit (range 5) 7303 | -7/Lower Caves | Identified exit to Factory 7368 | -7/Lower Caves | Learned Factory garrison access intel 8334 | -7/Lower Caves | Spotted B-75 Beast 8335 | -7/Lower Caves | Discovered new exit (range 16) 8424 | -7/Lower Caves | Identified exit to Zion 8425 | -7/Lower Caves | Entered Zion 8458 | -7/Zion | Discovered new exit (range 11) 8491 | -7/Zion | System corruption cleaned by Quarantine Array 8537 | -7/Zion | Given A8's code to call for help 8633 | -7/Zion | Received a hallucinogenic algorithm 8646 | -7/Zion | Learned location of 1 exit from Proximity Caves 8746 | -7/Zion | Met Imprinter 8852 | -7/Zion | Discovered new exit (range 3) 8852 | -7/Zion | Saw the warning signs outside the Deep Caves entrance 8869 | -7/Zion | Enhanced Grunt warped into view, answering call for help 8871 | -7/Zion | Enhanced Grunt warped into view, answering call for help 8905 | -7/Zion | Identified exit to Deep Caves 8910 | -7/Zion | Entered Deep Caves 8910 | -7/Deep Caves | Accompanied by 2 allies 9197 | -7/Deep Caves | Attacked by Z-Imprinter 9206 | -7/Deep Caves | Allies destroyed Z-Imprinter 9301 | -7/Deep Caves | Z-Facility disabled 9366 | -7/Deep Caves | Found Prototype Device 9366 | -7/Deep Caves | Identified Exp. Thermal Shield 9375 | -7/Deep Caves | Found Prototype Protection 9375 | -7/Deep Caves | Identified Zio. Weapon Casing 9454 | -7/Deep Caves | Discovered new exit (range 6) 9456 | -7/Deep Caves | Identified exit to Proximity Caves 9592 | -7/Deep Caves | Entered Proximity Caves 9592 | -6/Proximity Caves | Accompanied by 1 ally 9611 | -6/Proximity Caves | Learned Factory stockpile data 9763 | -6/Proximity Caves | Spotted B-75 Beast 9790 | -6/Proximity Caves | Learned 4 Factory zone layouts 9848 | -6/Proximity Caves | Learned location of 1 exit from Factory 9907 | -6/Proximity Caves | Entered Factory 9907 | -6/Factory | Evolved 2 slots: Propulsion x1, Utility x1 9908 | -6/Factory | Identified exit to Factory 9911 | -6/Factory | Loaded intel: 4 garrison access locations 10370 | -6/Factory | Identified exit to Lower Caves 10373 | -6/Factory | Sucked down chute 10373 | -6/Factory | Entered Waste 10381 | -6/Waste | Spotted C-40 Crusher 10382 | -6/Waste | Spotted C-40 Crusher 10382 | -6/Waste | Spotted C-40 Crusher 10382 | -6/Waste | Spotted C-40 Crusher 10388 | -6/Waste | EMP discharged 10393 | -6/Waste | Spotted C-40 Crusher 10394 | -6/Waste | Discovered new exit (range 10) 10397 | -6/Waste | Identified exit to Factory 10397 | -6/Waste | Entered Factory 10515 | -6/Factory | Discovered exit to Factory (range 15) 10528 | -6/Factory | System corruption reached 10% 11181 | -6/Factory | Repaired Cmb. Airjet 11660 | -6/Factory | Entered Lower Caves 12045 | -6/Lower Caves | Discovered new exit (range 7) 12048 | -6/Lower Caves | Identified exit to Lower Caves 12053 | -6/Lower Caves | Entered another Lower Caves area 12253 | -6/Lower Caves | Encountered a Warlord checkpoint 12279 | -6/Lower Caves | Discovered new exit (range 14) 12304 | -6/Lower Caves | Identified exit to Data Miner 12334 | -6/Lower Caves | Entered Data Miner 12334 | -6/Data Miner | Discovered new exit (range 6) 12342 | -6/Data Miner | Met Data Miner 12353 | -6/Data Miner | Learned location of Section 7 (-2) 12353 | -6/Data Miner | Acquired the access code to Warlord's prototype stash 12360 | -6/Data Miner | Received God Mode back door access code from Data Miner 12375 | -6/Data Miner | Identified exit to Proximity Caves 12377 | -6/Data Miner | Entered Proximity Caves 12392 | -5/Proximity Caves | Learned Factory garrison access intel 12453 | -5/Proximity Caves | Learned Factory emergency access door positions 12594 | -5/Proximity Caves | Build established: Scout 12700 | -5/Proximity Caves | Discovered exit to Factory (range 7) 12715 | -5/Proximity Caves | Received a Behemoth hack from an annoying Tinkerer 12866 | -5/Proximity Caves | Entered Factory 12866 | -5/Factory | Evolved 2 slots: Propulsion x1, Utility x1 12867 | -5/Factory | Identified exit to Upper Caves 12869 | -5/Factory | Loaded intel: 3 garrison access locations 13051 | -5/Factory | Watched by a mysterious "MATRIX" hacker. 13326 | -5/Factory | Fabricated Cmb. Airjet? 13758 | -5/Factory | Entered Upper Caves 13786 | -5/Upper Caves | Encountered a Warlord checkpoint 13855 | -5/Upper Caves | Lost 3 allies 14192 | -5/Upper Caves | Spotted B-75 Beast 14222 | -5/Upper Caves | Learned Factory terminal intel 14282 | -5/Upper Caves | Attracted the attention of an 0b10 outpost 14492 | -5/Upper Caves | Attracted the attention of an 0b10 checkpoint 14534 | -5/Upper Caves | Discovered new exit (range 10) 14547 | -5/Upper Caves | Identified exit to Upper Caves 14549 | -5/Upper Caves | Entered another Upper Caves area 14583 | -5/Upper Caves | Identified exit to Factory 14612 | -5/Upper Caves | Entered an active Warlord outpost 14623 | -5/Upper Caves | Learned location of Extension (-4) 14623 | -5/Upper Caves | Learned Extension emergency access door positions 14623 | -5/Upper Caves | Learned Armory stockpile data 14876 | -5/Upper Caves | Build established: Derelict-Scout 14900 | -5/Upper Caves | Identified exit to Warlord 15027 | -5/Upper Caves | Entered Warlord 15027 | -5/Warlord | Accompanied by 1 ally 15043 | -5/Warlord | System corruption cleaned by Quarantine Array 15134 | -5/Warlord | Visited the Vortex Lab 15136 | -5/Warlord | Found Prototype Energy Cannon 15142 | -5/Warlord | Warlord's base attacked by MAIN.C 15158 | -5/Warlord | Met Warlord 15216 | -5/Warlord | Opened Warlord's prototype stash 15222 | -5/Warlord | Identified Vortex Cannon 15228 | -5/Warlord | Found Prototype Reactor 15429 | -5/Warlord | Lost 4 allies 15492 | -5/Warlord | Warlord forces counterattacked 15506 | -5/Warlord | Spotted Executioner 15516 | -5/Warlord | Destroyed Executioner 15536 | -5/Warlord | Discovered new exit (range 20) 15542 | -5/Warlord | Spotted Striker 15556 | -5/Warlord | Identified exit to Proximity Caves 15557 | -5/Warlord | Entered Proximity Caves 15571 | -4/Proximity Caves | Spotted B-86 Titan 15670 | -4/Proximity Caves | Discovered exit to Factory (range 10) 15678 | -4/Proximity Caves | Learned Research garrison access intel 15730 | -4/Proximity Caves | Entered Factory 15730 | -4/Factory | Evolved 2 slots: Power x1, Utility x1 15731 | -4/Factory | Loaded intel: 28 terminal locations 15731 | -4/Factory | Identified Vortex Chain Reactor 15796 | -4/Factory | Discovered new exit (range 5) 15796 | -4/Factory | Identified exit to Extension 15943 | -4/Factory | Fabricated Lrg. Storage Unit (x1) 16021 | -4/Factory | Build established: Derelict-Ninja 16076 | -4/Factory | Found Quantum Capacitor 16095 | -4/Factory | Repaired Centrium Light Armor Plating? 16189 | -4/Factory | Discovered new exit (range 15) 16345 | -4/Factory | Discovered new exit (range 13) 16352 | -4/Factory | Central database locked down 16359 | -4/Factory | Identified exit to Research 16475 | -4/Factory | Discovered new exit (range 7) 16477 | -4/Factory | Identified exit to Upper Caves 16589 | -4/Factory | Fabricated Lgt. Regenerative Plating? 17104 | -4/Factory | Entered Extension 17157 | -4/Extension | Rescued a captive Derelict 17158 | -4/Extension | Rescued a captive Derelict 17181 | -4/Extension | Rescued a captive Derelict 17649 | -4/Extension | Rescued a captive Derelict 17686 | -4/Extension | Rescued A7 17691 | -4/Extension | Build established: Derelict-Assassin 18018 | -4/Extension | Spotted B-86 Titan 18052 | -4/Extension | Destroyed B-86 Titan 18062 | -4/Extension | Spotted B-86 Titan 18098 | -4/Extension | Destroyed B-86 Titan 18416 | -4/Extension | Rescued a captive Derelict 18416 | -4/Extension | Rescued a captive Derelict 18422 | -4/Extension | Rescued a captive Derelict 18526 | -4/Extension | Discovered exit to Research (range 10) 18535 | -4/Extension | Discovered new exit (range 6) 18557 | -4/Extension | Identified exit to Cetus 18622 | -4/Extension | Entered Cetus 18622 | -4/Cetus | Accompanied by 18 allies (A7) 18627 | -4/Cetus | Acquired a Cetus Manufacturing Module code from A7 18630 | -4/Cetus | Spotted Cetus Guard 18631 | -4/Cetus | Spotted Cetus Guard 18632 | -4/Cetus | Spotted Cetus Guard 18641 | -4/Cetus | Spotted Cetus Guard 18647 | -4/Cetus | Allies destroyed Cetus Guard 18649 | -4/Cetus | Destroyed Cetus Guard 18658 | -4/Cetus | Allies destroyed Cetus Guard 18660 | -4/Cetus | Allies destroyed Cetus Guard 18679 | -4/Cetus | Lost 3 allies 18692 | -4/Cetus | Started Cetus Manufacturing Module 18699 | -4/Cetus | Escorted A7 to Cetus Mainframe 18717 | -4/Cetus | Manufactured an Enhanced Grunt 18742 | -4/Cetus | Manufactured an Enhanced Grunt 18767 | -4/Cetus | Manufactured an Enhanced Grunt 18792 | -4/Cetus | Manufactured an Enhanced Grunt 18812 | -4/Cetus | Discovered new exit (range 21) 18817 | -4/Cetus | Manufactured an Enhanced Grunt 18846 | -4/Cetus | Build established: Commander-Mutant 18853 | -4/Cetus | Spotted Cetus Guard 18854 | -4/Cetus | Spotted Cetus Guard 18856 | -4/Cetus | Spotted Cetus Guard 18857 | -4/Cetus | Spotted Cetus Guard 18876 | -4/Cetus | Allies destroyed Cetus Guard 18883 | -4/Cetus | Allies destroyed Cetus Guard 18884 | -4/Cetus | Allies destroyed Cetus Guard 18886 | -4/Cetus | Destroyed Cetus Guard 18888 | -4/Cetus | Discovered exit to Research (range 22) 18903 | -4/Cetus | Met Revision 17 18951 | -4/Cetus | Identified exit to Archives 19021 | -4/Cetus | Entered Archives 19021 | -4/Archives | Accompanied by 18 allies (A7) 19026 | -4/Archives | Received a hacking code to weaken MAIN.C 19055 | -4/Archives | Unable to access archive contents 19056 | -4/Archives | Discovered exit to Research (range 16) 19059 | -4/Archives | Unable to access archive contents 19060 | -4/Archives | Discovered new exit (range 16) 19062 | -4/Archives | Unable to access archive contents 19062 | -4/Archives | Unable to access archive contents 19064 | -4/Archives | Discovered new exit (range 17) 19066 | -4/Archives | Unable to access archive contents 19075 | -4/Archives | Lost 3 allies 19125 | -4/Archives | Identified exit to Hub_04(d) 19232 | -4/Archives | Entered Hub_04(d) 19232 | -4/Hub_04(d) | Accompanied by 14 allies 19282 | -4/Hub_04(d) | Found Prototype Launcher 19325 | -4/Hub_04(d) | Lost 5 allies 19397 | -4/Hub_04(d) | Identified Mni. Smartbomb Launcher 19399 | -4/Hub_04(d) | Found Mni. Smartbomb Launcher 19426 | -4/Hub_04(d) | Network Hub disabled 19431 | -4/Hub_04(d) | Spotted Lightning 19456 | -4/Hub_04(d) | Entered Research 19456 | -3/Research | Evolved 2 slots: Propulsion x1, Utility x1 19457 | -3/Research | Loaded intel: 4 garrison access locations 19461 | -3/Research | Identified exit to Armory 19461 | -3/Research | Identified exit to Testing 19554 | -3/Research | Spotted B-86 Titan 19650 | -3/Research | Lost 9 parts (1p7n1u) 19656 | -3/Research | Revision forces began assault on 0b10 19739 | -3/Research | Lost 3 parts (1p1n1w) 19778 | -3/Research | Fabricated Cld. Airjet? 19800 | -3/Research | Lost 6 allies 19818 | -3/Research | Met up with Revision 17++ 19940 | -3/Research | Discovered new exit (range 7) 19941 | -3/Research | Identified exit to Research 19960 | -3/Research | Spotted B-86 Titan 20012 | -3/Research | Found Prototype Device 20012 | -3/Research | Identified Exp. Thermal Defense Suite 20017 | -3/Research | Found Prototype Launcher 20021 | -3/Research | Identified Smartbomb Launcher 20047 | -3/Research | Found Prototype Processor 20047 | -3/Research | Identified Spectral Analyzer 20062 | -3/Research | Found Prototype Launcher 20062 | -3/Research | Identified Com. Tesla Bomb Launcher 20149 | -3/Research | Build established: Scavenger-Mutant 20156 | -3/Research | Research terminal network offline 20165 | -3/Research | Repaired Broken Cld. Plasma Cannon? 20178 | -3/Research | Found Gamma Bomb Array 20183 | -3/Research | Lost 5 allies 20217 | -3/Research | Found Mni. Smartbomb Launcher 20288 | -3/Research | Spotted Striker 20362 | -3/Research | Found Prototype Launcher 20362 | -3/Research | Identified Adv. Micro-nuke Launcher 20506 | -3/Research | Entered Testing 20536 | -3/Testing | Found Prototype Hackware 20536 | -3/Testing | Identified System Mapper 20628 | -3/Testing | Discovered exit to Research (range 17) 20756 | -3/Testing | Search patrols dispatched 20759 | -3/Testing | Found Med. Regenerative Plating 20762 | -3/Testing | Found Med. Regenerative Plating 20797 | -3/Testing | Found Prototype Protection 20797 | -3/Testing | Identified Hvy. Regenerative Plating 20805 | -3/Testing | Entered Research 20805 | -2/Research | Warlord forces began assault on 0b10 20805 | -2/Research | Evolved 2 slots: Utility x1, Weapon x1 20843 | -2/Research | Discovered new exit (range 17) 20848 | -2/Research | Build established: Hacker-Scout 20894 | -2/Research | Found Prototype Device 20894 | -2/Research | Identified Adv. Kinecellerator 20914 | -2/Research | Found Prototype Device 20914 | -2/Research | Identified Exp. Transmission Jammer 20915 | -2/Research | Research machine network offline 20928 | -2/Research | Met up with Warlord 21014 | -2/Research | Identified exit to Access 21209 | -2/Research | Spotted B-90 Cyclops 21213 | -2/Research | Spotted Executioner 21222 | -2/Research | Spotted Executioner 21245 | -2/Research | Lost 3 allies 21318 | -2/Research | Build established: Hacker-Ninja 21321 | -2/Research | Spotted Striker 21347 | -2/Research | Met DD-05H 21375 | -2/Research | Spotted Striker 21377 | -2/Research | Spotted Striker 21400 | -2/Research | Targeted by mysterious "MATRIX" hacker. 21528 | -2/Research | Spotted Striker 21529 | -2/Research | Spotted Executioner 21634 | -2/Research | Build established: Hacker-Scout 21695 | -2/Research | Spotted Striker 21713 | -2/Research | Borebot progress halted 21805 | -2/Research | Warlord invited to help at Command 21805 | -2/Research | Given Cave Seal Controls access code 21828 | -2/Research | Entered Access 21828 | -1/Access | Evolved 2 slots: Power x1, Utility x1 22608 | -1/Access | Lost 3 parts (1n2u) 22614 | -1/Access | System corruption reached 10% 22687 | -1/Access | Core integrity fell below 50% 22694 | -1/Access | Core integrity fell below 20% 22701 | -1/Access | Destroyed by H-88 Terminator with KE Penetrator Last Messages --------------- 22692_ Penetrated by Slug. 22694_ Slug penetrates Wall. 22694_ Penetrated by Slug. 22695_ System corrupted: Energy discharge (-19). 22695_ P-80 Master resets P-80 Master, system corruption cleaned. 22695_ Penetrated by Slug. 22696_ Adv. Hacking Suite destroyed. 22697_ The unstable cave ceiling collapses. 22697_ W-44 Eye sends out distress signal. 22697_ Adv. Signal Interpreter severed. 22700_ Slug penetrates Wall. 22700_ U-05 Engineer destroyed. 22700_ U-05 Engineer knocked back. 22700_ K-01 Serf collects debris. 22701_ The unstable cave ceiling collapses. 22701_ Imp. Melee Analysis Suite crushed. 22701_ W-44 Eye sends out distress signal. 22701_ Slug penetrates P-80 Master. 22701_ Slug penetrates Wall. Map ----- +----------------------------------------------------+ | ??????????????????????????????????????? ????????? | | ???????????????????????????????????????? ????????? | | ???????????????????????????????????????? ????????? | | ???????????????????????????????????????? ????????? | | ???????????????????????????????????????? ????????? | | ???????????????????????????????????????? #???????? | | ???????????????????????????????????????? #???????? | | ???????????????????????????????????????? #???????? | | ???????????????????????????????????????# #???????? | | #####??????????????????????????????????# #???????? | | #??????????????????????????????????# #???????? | | #??????????????????????????????????# #???????? | | #??????????????????????????????????# #???????? | | #??????????????????????????????????# #???????? | | " #??????????????????????????????????+ #???????? | | " #???????????????????????????????#+## #???????? | | #????????????????# ############## #???????? | | #????????????????? #??###### | | #??????????????????????# #??# | | #??????????????????????# #### | | #??#######?????????????# + " | | #??# #?????????????# ####### " | | ######## #?????????????# #?????# " | | / " +??????######## w#?????# | | #? ???????## ##ku #?????# " | | #? ! ????#### @ ####### " | | #?# #????# + # " | | #?# #????# w # !# | | ### ###??# ! # # | | #= #### %= + #! | | #####"##] c ##### # # | | ! H p p "#??# # ###### | | #####" ]h # ### h #? #??? | | #???##!%!p= ############# #? #?? | | #????## %#=####??????####+## #? +? | | #????##=|!! #??????# ##h # # | | #????# [[!! ##??????# # h # # | | ! #????# ]%= #???????# ## + # | | ######## ######### # % %####### | | # # ######## | | # " !!! + = % | | ! #% #?!!! ##### ! % | | " # ] #?!!! =????# = """""% | | "" # #?? ?????# "" F" | | """"" # #?? ?????# %% "" | | """"= # ####+###???# % % | | " # ## ##### = % | | * " # ## | | ######### " !!] | | # #?????# ! !!] | +----------------------------------------------------+ Best States ------------- Heat Dissipation 84 Energy Generation 76 Energy Capacity 790 Matter Stores 300 Matter Capacity 300 Sight Range 24 Robot Scan Range 18 Terrain Scan Range 16 Terrain Scan Density 10 Jamming Range 16 Armor Coverage 600 Resistance: KI 30 Resistance: TH 30 Evasion (%) 70 Melee Accuracy 6 Recoil Reduction 4 Matter Filtering 50 Offensive Hacking 44 Defensive Hacking 12 Authchip Count 1 Item Schematics ----------------- Huge Storage Unit | -10/Materials | Hacked Imp. VTOL Module | -8/Materials | Scanalyzed Aerolev Unit | -8/Materials | Scanalyzed Cld. Airjet | -6/Factory | Scanalyzed Cmb. Airjet | -6/Factory | Scanalyzed Combat Drone Bay | -6/Data Miner | Free Lgt. Regenerative Plating | -6/Data Miner | Free Enh. Armored Leg | -6/Data Miner | Free Imp. Energy Well | -6/Data Miner | Free Enh. Coil Gun | -6/Data Miner | Free Impulse Thruster | -6/Data Miner | Free Adv. Reaction Control System | -6/Data Miner | Free Hardcell Cannon | -6/Data Miner | Free Phase Gun | -6/Data Miner | Free Adv. Recalibrator | -6/Data Miner | Free Lrg. Storage Unit | -4/Factory | Hacked Gravity Neutralizer | -3/Testing | Archive Med. Regenerative Plating | -3/Testing | Hacked Robot Schematics ------------------ L-41 Fighter | -6/Data Miner | Free H-66 Slayer | -6/Data Miner | Free R-10 Processor | -6/Data Miner | Free E-15 Imp | -6/Data Miner | Free L-61 Swordsman | -6/Data Miner | Free A-27 Freighter | -6/Data Miner | Free G-67 Veteran | -6/Data Miner | Free Fabricated ------------ Cmb. Airjet | x2 | -5/Factory Lrg. Storage Unit | x1 | -4/Factory Lgt. Regenerative Plating | x1 | -4/Factory Cld. Airjet | x1 | -3/Research Repaired ---------- Great Maul | 7% | -7/Factory Cmb. Airjet | 47% | -6/Factory Centrium Light Armor Plating | 68% | -4/Factory Cld. Plasma Cannon | 8% | -3/Research | Broken Studied --------- Com. Wheel | -8/Materials | Hacked Airjet | -7/Factory | Hacked Great Maul | -7/Factory | Hacked Imp. Deuterium Engine | -7/Factory | Hacked Cmb. Antigrav System | -3/Testing | Hacked Hyp. Railgun | -2/Research | Hacked Quantum Reactor | -2/Research | Hacked Lgt. Quantum Reactor | -1/Access | Hacked Alien Tech Used ----------------- None Achievements -------------- Are We The Baddies? Decoder Ring Doshington Help From High Places Main Advantage More Power To You Overkill Project G-00 Signs Are For Wimps Sniper Welcome To The Revolution Challenges ------------ None Game ------ Seed SmartbombArcTerminator Manual? 0 Play Time 08:49:00 Cumulative 99.4 hours Start 2026.02.24 @ 08:56:38 End 2026.02.26 @ 19:50:52 Sessions 25 Manual Loads 0 Difficulty Rogue Special Mode None Game No. 42 Rogue 42 Adventurer 0 Explorer 0 Win Type - Total 2 Types 2/0/0/0/0/0/0/0/0/0 Lore% 56 Gallery% 48 Achievement% 44 Wizard Run 0 Options --------- Layout 1 ASCII 0 Keyboard 0 Movement Numpad Keybinds 0 Fullscreen 2 Font 24/Smallcaps Map View 50x35 Zoom Use 0% Tactical HUD 1 Map Filters NONE Filters NONE Steam 1 RUN: ec436230-f5cd-47e7-87ee-f77fd8484c82